Cogmind - Beta 14 @@@ ROGUE MODE // 2024.09.12 @ 09:48:19 Player: H3-RMN Result: Destroyed by P-80 Master with Gamma Rifle Performance ------------- Evolutions (8) 4000 Regions Visited (28) 5600 Robots Destroyed (478) 2390 Value Destroyed (19676) 19676 Prototype IDs (122) 2440 Alien Tech Used (0) 0 Bonus (15220) 15220 TOTAL SCORE: 49326 Bonus ------- Triggered High Security 500 High Alert Combat Kills 10606 Follower Combat Kills 2736 Registered with UFD 300 Met Data Miner 300 Met Warlord at Base 500 MAIN.C Attacked Warlord 500 Warlord Defense Kills 94 Scanned by Researcher 500 Friendly Fire -816 Cogmind --------- Core Integrity 0/1450 Matter 300/300 Energy 69/100 System Corruption 49% Temperature Cool (18) Movement Core (50) Location -2/Research Parts ------- > --- POWER (3) -------- (None) > --- PROPULSION (6) --- (None) > --- UTILITY (12) ----- 2N-1CE's Frost Array Experimental Targeting Computer > --- WEAPON (2) ------- (None) > --- INVENTORY (5) ---- Experimental Energy Well (26) Tech Extrapolator Potential Cannon Botcube Peak State ------------ > --- POWER ------------ Quantum Reactor Reinforced Quantum Reactor Reinforced Quantum Reactor > --- PROPULSION ------- Improved Heavy Siege Treads Biometal Heavy Treads Advanced Heavy Siege Treads > --- UTILITY ---------- Experimental Cryofiber Web Coolant Network Huge Storage Unit Experimental Targeting Computer Advanced Target Analyzer Experimental Weapon Cycler Advanced Phase Shifter Heavy Regenerative Plating Experimental Hardlight Generator Deep Network Scanner > --- WEAPON ----------- Omega Cannon > --- INVENTORY -------- Micro Antimatter Reactor Zero-point Reactor Vortex Chain Reactor 2N-1CE's Frost Array Experimental Energy Well Experimental Matter Compressor Experimental Targeting Computer Advanced Particle Accelerator Advanced Transmission Jammer Heavy Armor Plating Experimental EM Disruption Field Advanced Force Field Tech Extrapolator High-powered Tractor Beam Warp Gun Potential Cannon Potential Cannon Voltaic Drivehammer Botcube [Rating: 220] Favorites ----------- Power Reinforced Deuterium Engine Engine Reinforced Deuterium Engine Power Core Micro Fission Core Reactor Reinforced Quantum Reactor Propulsion Cooled Impulse Thruster Treads Armored Treads Leg Flexi-carbon Leg Wheel Armored Wheel Hover Unit Combat Airjet Flight Unit Cooled Impulse Thruster Utility Huge Storage Unit Device Gravity Neutralizer Storage Huge Storage Unit Processor Advanced Signal Interpreter Hackware Deep Network Scanner Protection Improved Light Armor Plating Weapon Heavy Assault Cannon Energy Gun Medium Laser Energy Cannon Advanced Beam Cannon Ballistic Gun Improved Assault Rifle Ballistic Cannon Heavy Assault Cannon Launcher Smartbomb Launcher Special Weapon CPS Tube Impact Weapon Powered Hammer Slashing Weapon Power Sword Piercing Weapon Spear Special Melee Weapon Datajack Build | -11 -10 -10 -9 -9 -8 -8 -8 -8 -6 -6 -6 -6 -5 -5 -5 -5 -5 -5 -5 -4 -4 -4 -4 -4 -4 -3 -3 -2 ------- Run | Yrd Mat Min Mat Min Mat Sto Rec Scr Fac Low Low Dat Pro Fac Was Fac Upp Upp War Pro Fac Was Fac Arm Lab Res Tes Res Slots Evolved 16 | . . . 2 . 2 . . . 4 . . . . 2 . . . . . . 2 . . . . 2 . 2 Power 2 | . . . . . . . . . 1 . . . . . . . . . . . . . . . . . . 1 Propulsion 4 | . . . 1 . 1 . . . 2 . . . . . . . . . . . . . . . . . . . Utility 10 | . . . 1 . 1 . . . 1 . . . . 2 . . . . . . 2 . . . . 2 . 1 Weapon . | . . . . . . . . . . . . . . . . . . . . . . . . . . . . . Parts Attached 729 | 7 9 7 23 19 45 28 2 22 108 12 2 1 13 24 3 77 9 10 40 8 10 11 9 50 . 15 62 103 Power 41 | 1 1 1 1 . 1 . . . 10 1 1 . . 2 . 3 . . 3 . 1 1 3 5 . . . 6 Engine 15 | 1 1 1 1 . 1 . . . 5 1 1 . . 1 . 1 . . 1 . . . . . . . . . Core 5 | . . . . . . . . . 3 . . . . 1 . . . . . . . . 1 . . . . . Reactor 21 | . . . . . . . . . 2 . . . . . . 2 . . 2 . 1 1 2 5 . . . 6 Propulsion 116 | 2 4 2 5 6 15 1 . 7 24 . . . 2 1 1 7 . . 5 . 2 1 . 13 . 2 3 13 Treads 47 | . 2 1 4 2 14 1 . 7 . . . . . . . . . . . . . . . 4 . 1 3 8 Leg 12 | . . . . . . . . . . . . . . . . . . . 1 . . . . 5 . 1 . 5 Wheel 9 | 2 2 1 . 3 1 . . . . . . . . . . . . . . . . . . . . . . . Hover 12 | . . . . 1 . . . . 11 . . . . . . . . . . . . . . . . . . . Flight 36 | . . . 1 . . . . . 13 . . . 2 1 1 7 . . 4 . 2 1 . 4 . . . . Utility 340 | 2 3 2 3 5 18 12 1 11 47 5 1 1 7 20 . 41 5 6 15 2 5 6 2 25 . 13 46 36 Device 244 | 1 . . . 4 12 7 . 6 33 4 1 1 6 11 . 35 5 4 12 1 2 5 1 17 . 12 38 26 Storage 16 | 1 2 . . . . . . . 1 . . . . 2 . 1 . . . . . . . 1 . . 2 6 Processor 20 | . . . . . . 1 . . 4 . . . . 1 . 3 . 1 2 1 1 . 1 3 . . . 2 Hackware 17 | . . . . . . 1 . 3 5 . . . . 3 . 1 . . . . 2 . . 2 . . . . Protection 43 | . 1 2 3 1 6 3 1 2 4 1 . . 1 3 . 1 . 1 1 . . 1 . 2 . 1 6 2 Artifact . | . . . . . . . . . . . . . . . . . . . . . . . . . . . . . Weapon 232 | 2 1 2 14 8 11 15 1 4 27 6 . . 4 1 2 26 4 4 17 6 2 3 4 7 . . 13 48 Energy Gun 43 | 1 . . . . . 1 . . 6 2 . . . 1 1 7 1 1 2 . . . . 1 . . 2 17 Energy Cannon 39 | . . 1 4 1 4 1 . 1 1 . . . . . . . . . 1 . . . 1 1 . . 10 13 Ballistic Gun 31 | 1 1 1 7 3 4 2 . . 6 . . . . . . . 1 . 2 . . . . 1 . . . 2 Ballistic Cannon 27 | . . . . . 1 7 . 2 1 . . . . . . 1 . . 2 . . . . . . . 1 12 Launcher 18 | . . . 3 2 . 4 . . . . . . . . 1 2 1 1 1 2 . 1 . . . . . . Special Weapon 26 | . . . . . . . . . 3 1 . . 2 . . 5 . 1 5 2 . . . 4 . . . 3 Impact Weapon 3 | . . . . . . . . . 3 . . . . . . . . . . . . . . . . . . . Slashing Weapon 28 | . . . . 1 1 . . . 2 3 . . 2 . . 7 1 1 2 2 1 2 2 . . . . 1 Piercing Weapon 6 | . . . . . . . . . 4 . . . . . . . . . . . 1 . 1 . . . . . Special Melee Weapon 11 | . . . . 1 1 . 1 1 1 . . . . . . 4 . . 2 . . . . . . . . . Unidentified Prototypes 56 | . 1 . 3 . . 4 . . 12 . . . . 3 1 1 . . 8 . . 1 1 4 . 2 13 2 Corrupted Parts 7 | . . . . 4 . . . 3 . . . . . . . . . . . . . . . . . . . . System Corruption 22 | . . . . 12 . . . 10 . . . . . . . . . . . . . . . . . . . . Parts Lost 77 | . 1 6 3 . 6 1 . 1 5 1 . . . 3 . 2 . . 2 1 2 3 5 2 . 1 1 31 Power 13 | . . 1 . . . . . . 2 1 . . . 1 . 1 . . . . 1 2 1 1 . . . 2 Propulsion 25 | . . 2 1 . 3 . . 1 2 . . . . 1 . . . . . . . . 1 . . . . 14 Utility 24 | . . 1 . . 1 1 . . . . . . . . . . . . 2 1 1 . 3 . . 1 1 12 Weapon 15 | . 1 2 2 . 2 . . . 1 . . . . 1 . 1 . . . . . 1 . 1 . . . 3 Highest Loss Streak 13 | . 1 2 1 . 2 1 . 1 2 1 . . . 3 . 2 . . 2 1 2 3 4 2 . 1 1 13 To Critical Strikes 1 | . . . . . . . . . . . . . . . . . . . . . . . . . . . . 1 Average Slot Usage (%) 88 | . 99 97 99 100 99 90 81 78 92 97 98 100 100 97 100 98 94 94 96 95 94 96 99 78 73 74 73 74 Engine 6 | . 14 13 10 11 9 9 9 9 7 3 4 6 6 1 . 2 5 5 5 5 4 2 5 1 . . . . Reactor 2 | . . . . . . . . . 2 6 6 6 6 5 5 4 5 5 5 5 3 5 3 8 10 9 9 11 Treads 18 | . 10 14 21 22 28 35 36 34 7 . . . . . . . . . . . . . . 6 15 13 13 12 Wheel 2 | . 16 14 11 11 7 . . . . . . . . . . . . . . . . . . . . . . . Flight 9 | . . . . . . . . . 19 40 40 40 40 35 35 34 35 35 35 35 30 31 31 10 . . . . Device 10 | . 4 . . 6 16 15 . 7 6 13 13 13 17 10 11 14 17 15 16 16 12 20 20 16 21 23 18 20 Storage 7 | . 14 14 11 11 9 9 9 9 6 6 6 6 6 5 5 5 5 5 5 5 5 5 5 5 5 4 4 4 Processor 3 | . . . . . . 1 9 . 8 6 6 6 6 11 11 7 5 5 7 11 13 5 5 6 5 4 4 7 Hackware 4 | . . . . . . . . 5 6 . . . . 10 11 11 11 11 8 5 13 15 15 9 5 4 4 3 Protection 7 | . 9 13 21 15 10 8 9 4 2 5 6 6 1 . . . . . . . . . . 3 5 8 8 4 Energy Cannon 3 | . . 12 10 10 8 . . . . . . . . . . . . . . . . . . 3 5 4 6 1 Ballistic Gun 2 | . 13 12 10 9 8 . . . . . . . . . . . . . . . . . . . . . . . Ballistic Cannon 1 | . . . . . . 7 8 4 1 . . . . . . . . . . . . . . . . . . . Slashing Weapon 1 | . . . . . . . . . 2 5 6 6 4 5 5 4 5 4 5 4 8 3 3 1 . . . . Special Melee Weapon 1 | . . . . 1 . . . 4 . . . . . . . 1 . . . . . . . . . . . . Peak Build Rating 220 | 9 16 18 27 29 39 42 40 45 104 105 99 100 108 133 134 137 136 133 139 130 132 136 137 189 187 200 201 220 Average Rating 80 | 5 13 16 24 25 35 37 38 37 77 100 98 98 104 126 133 128 128 129 128 122 124 131 134 160 187 197 192 197 On Entrance 95 | . 9 14 18 25 28 37 39 34 44 96 93 99 95 104 133 134 129 130 130 121 119 125 136 107 187 187 198 190 Naked Turns . | . . . . . . . . . . . . . . . . . . . . . . . . . . . . . Heaviest Build 217 | 15 95 96 101 101 120 118 122 119 123 61 49 49 59 55 52 66 56 61 59 65 54 64 54 182 182 196 207 217 Greatest Support 230 | 20 24 12 12 12 89 85 85 85 82 52 52 57 54 57 54 57 54 57 63 60 54 54 54 225 225 225 225 230 Greatest Overweight (x) 13 | . 7 7 8 8 4 1 1 2 3 1 . . 1 1 . 1 1 1 1 1 3 1 . 13 . 1 . 8 Average Overweight (x) 1 | . 4 7 7 8 2 1 1 1 . . . . . . . . . . . . . . . . . . . . Largest Inventory Capacity 25 | 8 25 25 25 25 25 25 25 25 25 15 15 15 15 15 15 15 15 15 15 15 15 15 15 25 25 25 25 25 Average Capacity 21 | 7 21 25 25 25 25 25 25 25 18 15 15 15 15 15 15 15 15 15 15 15 15 15 15 18 25 25 25 24 Most Carried 25 | 6 20 25 25 25 25 25 25 25 25 15 15 15 15 15 15 15 15 15 15 15 15 15 15 25 25 25 25 25 Average Carried 21 | 3 15 23 24 24 24 24 24 24 17 14 15 14 14 13 14 14 14 14 14 14 14 14 14 17 25 24 24 23 Final Capacity 25 | 8 25 25 25 25 25 25 25 25 15 15 15 15 15 15 15 15 15 15 15 15 15 15 15 25 25 25 25 5 Final Carried 25 | 5 20 25 25 25 25 24 25 25 15 15 15 15 15 15 15 15 15 15 15 15 15 15 15 25 25 25 25 5 Class Distribution -------------------- 33% | Mutant 30% | Scavenger-Mutant 9% | Hacker-Sprinter 8% | Trapper-Mutant 4% | Trapper-Sprinter Dominant Class ---------------- Mutant | -10/Materials Mutant | -10/Mines Mutant | -9/Materials Mutant | -9/Mines Mutant | -8/Materials Scavenger-Mutant | -8/Storage Scavenger-Mutant | -8/Recycling Mutant | -8/Scraptown Scout | -6/Factory Sprinter | -6/Lower Caves Trapper-Sprinter | -6/Lower Caves Trapper-Sprinter | -6/Data Miner Trapper-Sprinter | -5/Proximity Caves Hacker-Sprinter | -5/Factory Hacker-Sprinter | -5/Waste Hacker-Scout | -5/Factory Hacker-Mutant | -5/Upper Caves Hacker-Sprinter | -5/Upper Caves Hacker-Sprinter | -5/Warlord Trapper-Sprinter | -4/Proximity Caves Hacker-Sprinter | -4/Factory Hacker-Sprinter | -4/Waste Hacker-Sprinter | -4/Factory Scavenger-Mutant | -4/Armory Scavenger-Mutant | -4/Lab Scavenger-Mutant | -3/Research Scavenger-Mutant | -3/Testing Scavenger-Mutant | -2/Research Resources | -11 -10 -10 -9 -9 -8 -8 -8 -8 -6 -6 -6 -6 -5 -5 -5 -5 -5 -5 -5 -4 -4 -4 -4 -4 -4 -3 -3 -2 ----------- Run | Yrd Mat Min Mat Min Mat Sto Rec Scr Fac Low Low Dat Pro Fac Was Fac Upp Upp War Pro Fac Was Fac Arm Lab Res Tes Res Matter Collected 12662 | 297 315 342 583 187 963 1007 30 228 1555 105 50 . 120 235 . 919 147 126 438 209 95 105 125 527 . 160 602 3192 Remotely 2257 | . . . . . . 136 . . . . . . . . . . . . . . . . . . . . . 2121 Salvage Created 25924 | 116 640 105 1499 208 1844 1080 44 . 2265 205 163 27 92 608 . 770 247 42 71 218 298 . 168 1952 . 820 4115 8327 Parts 1085 | 7 44 . 90 21 113 66 3 . 87 10 3 2 3 28 . 40 15 4 4 15 13 . 6 73 . 33 176 229 Haulers Intercepted 32 | . 2 . 6 . 4 5 . . 8 . . . . 2 . 1 . . . . . . 1 . . . 2 1 Recyclers Shooed 16 | 1 3 . 3 . . 1 . . 2 . . . . . . 3 . . . . 1 . . . . . . 2 Parts Field Recycled . | . . . . . . . . . . . . . . . . . . . . . . . . . . . . . Retrieved Matter . | . . . . . . . . . . . . . . . . . . . . . . . . . . . . . Parts Self-Destructed 42 | . . . . . . . . . . 11 2 . 2 . . . 15 9 . 3 . . . . . . . . Prevented 24 | . . . . . . . . . . 12 1 . 1 . . . . . . 10 . . . . . . . . Kills | -11 -10 -10 -9 -9 -8 -8 -8 -8 -6 -6 -6 -6 -5 -5 -5 -5 -5 -5 -5 -4 -4 -4 -4 -4 -4 -3 -3 -2 ------- Run | Yrd Mat Min Mat Min Mat Sto Rec Scr Fac Low Low Dat Pro Fac Was Fac Upp Upp War Pro Fac Was Fac Arm Lab Res Tes Res Combat Hostiles Destroyed 374 | . 16 8 24 12 29 27 1 . 10 3 . . 3 2 . 3 6 3 1 9 . . . 28 . 12 49 128 Melee 19 | . . . . . . . . . 5 3 . . 2 2 . 1 2 . 1 1 . . . 1 . . . 1 Guns 61 | . 16 2 7 2 10 1 . . 1 . . . . . . . . 1 . . . . . . . . . 21 Cannons 196 | . . 6 10 3 17 17 1 . 3 . . . . . . . . . . . . . . 25 . 11 44 59 AOE 70 | . . . 6 7 . 9 . . . . . . 1 . . 2 4 2 . 8 . . . . . . . 31 Classes Destroyed 24 | 2 7 1 2 . 2 3 . . 1 1 . . 1 . . . . . . . . . . 1 . . 1 2 Worker 20 | . 2 . 2 1 1 3 . . 2 . . . . 1 . 4 . . . . . . . . . 1 1 2 Builder 11 | . . . 1 . . 2 . . 5 . . . . 1 . 1 . . . . . . . . . . 1 . Tunneler 8 | 3 . . . 2 . . . . . . . . . . . 2 . . . . . . . . . 1 . . Hauler 32 | . 2 . 6 . 4 5 . . 8 . . . . 2 . 1 . . . . . . 1 . . . 2 1 Recycler 21 | 1 1 . 3 . 1 . . . 5 . . . . 1 . 2 . . . . 2 . . . . . 2 3 Carrier 4 | . . . . . . . . . . . . . . . . . . . . . . . . . . . . 4 Minesweeper 2 | . . . . . . . . . . 1 . . . . . . 1 . . . . . . . . . . . Mechanic 9 | . 1 . . . . 2 . . 1 . . . . . . 1 . . . . 1 . . . . . . 3 Operator 14 | . 1 . 1 . 3 1 . . 1 . . . . 1 . 1 . . . . . . 1 1 . 1 2 . Drone 3 | . . . . . . . . . . . . . 2 . . . . . . 1 . . . . . . . . Watcher 30 | . 3 . 4 . 5 1 . . 4 . . . . 3 . 3 . . . . 1 . 1 1 . . 2 2 Swarmer 62 | . 12 1 10 10 4 4 . . . . . . . . . 1 4 3 . 5 . . . . . 4 . 4 Saboteur 12 | . . . . . . . . . . . . . . . . . . . . . . . . 2 . . 2 8 Grunt 143 | . 4 . 10 . 15 9 . . 2 2 . . . . . . 1 . . 1 . . . 10 . . 24 65 Brawler 18 | . . . . . . 2 . . 1 . . . . . . . 1 . . . . . . . . . 2 12 Duelist 14 | . . . . . . 1 . . . . . . . . . . . . . . . . . 1 . . 2 10 Protector 9 | . . . . . . 1 . . . . . . . . . . . . 1 . . . . . . . 2 5 Sentry 42 | . . . 6 2 8 10 1 . 1 . . . 1 1 . . . . . . . . . 2 . 4 . 6 Specialist 1 | . . . . . . . . . . . . . . . . . . . . . . . . . . . 1 . Hunter 32 | . . . . . 1 . . . 4 . . . . . . 1 . . . 2 . . . 4 . 2 10 8 Programmer 30 | . . . . . . . . . 2 1 . . . 1 . 1 . . . . . . . 7 . 2 6 10 Heavy 1 | . . . . . 1 . . . . . . . . . . . . . . . . . . . . . . . Armor Guard 2 | . . . . . . . . . . . . . . . . . . . . . . . . 2 . . . . Investigator 1 | . . . . . . . . . . . . . . . . . . . . . . . . . . . . 1 Decomposer 4 | . . . . . . . . . . . 4 . . . . . . . . . . . . . . . . . Packrat 1 | . . . . . . . . . . . 1 . . . . . . . . . . . . . . . . . Assembled 7 | . . 7 . . . . . . . . . . . . . . . . . . . . . . . . . . Thug 1 | . . . 1 . . . . . . . . . . . . . . . . . . . . . . . . . Best Kill Streak 32 | 4 6 3 6 5 5 8 1 . 4 1 . 1 2 5 . 3 4 3 1 5 1 . 2 8 . 6 8 32 Combat Bots Only 29 | . 4 3 4 4 4 6 1 . 2 1 . . 2 2 . 1 4 3 1 5 . . . 8 . 6 7 29 Max Kills in Single Turn 8 | 1 2 1 3 2 1 8 1 . 1 1 1 1 1 1 . 3 4 2 1 3 1 . 1 1 . 1 2 5 Gunslinging . | . . . . . . . . . . . . . . . . . . . . . . . . . . . . . Exploded 6 | . . . 3 2 . 6 . . . . . . 1 . . 1 4 2 . 3 . . . . . . . 4 Melee 1 | . . . . . . . . . 1 1 . . 1 1 . 1 1 . 1 1 . . . 1 . . . 1 Uniques/NPCs Destroyed 1 | . . . . . . . . . . . . 1 . . . . . . . . . . . . . . . . Data Miner (-6/Data Miner) Combat | -11 -10 -10 -9 -9 -8 -8 -8 -8 -6 -6 -6 -6 -5 -5 -5 -5 -5 -5 -5 -4 -4 -4 -4 -4 -4 -3 -3 -2 -------- Run | Yrd Mat Min Mat Min Mat Sto Rec Scr Fac Low Low Dat Pro Fac Was Fac Upp Upp War Pro Fac Was Fac Arm Lab Res Tes Res Hostile Shots Fired 2492 | . 88 40 115 38 152 88 2 . 226 22 4 4 2 29 . 26 . 5 11 6 30 1 40 160 . 46 350 1007 Missed 751 | . 36 7 33 14 42 23 . . 93 12 1 3 1 8 . 9 . 1 5 1 19 . 18 46 . 15 83 281 Damage Taken 26790 | . 451 561 1090 297 1948 1047 26 156 2158 175 56 50 21 553 . 421 . 69 200 103 185 51 530 2172 . 350 3123 10997 Core 3327 | . 51 36 109 30 248 84 14 . 363 28 18 . . 116 . 142 . 27 69 . 25 . 99 172 . 49 189 1458 Absorbed by Shields 8165 | . . . . . 126 . . . . . . . . . . . . . . . . . . 637 . 197 1691 5514 Reduced by Siege Mode 1099 | . . . . . . . . . . . . . . . . . . . . . . . . 7 . . 249 843 Redirected to Shielding 300 | . . 9 21 . . . . . . . 13 . . 24 . 15 . 9 . . . . . . . 6 116 87 Ignored by Resistances 989 | . . . . . . . . . . . . . . . . . . . . . . . . . . 143 197 649 Regen/Repaired (Parts) 6023 | . 44 . 296 . 393 362 . 57 53 . . . . . 110 212 . . 21 . 202 150 16 1082 . 222 1281 1522 Core Remaining (%) 67 | 100 . 65 . 65 . . . 37 . . . . 51 . . . . . . 64 . . . . 74 . 81 . Volleys Fired 1133 | 9 76 28 93 17 128 90 2 . 62 3 . . 1 13 . 31 1 3 7 8 . 1 . 88 . 36 158 278 Largest 2 | 2 2 2 2 2 2 2 1 . 2 1 . . 1 1 . 1 1 1 1 1 . 1 . 1 . 1 2 2 Hottest 240 | 70 70 80 98 91 98 98 60 . 115 240 . . . 80 . 80 46 80 80 46 . 40 . 130 . 130 233 233 Shots Fired 1708 | 18 152 50 179 29 239 103 3 . 72 3 . . 1 13 . 29 1 3 7 8 . 1 . 88 . 36 239 434 Gun 771 | 18 152 27 86 12 123 13 . . 55 3 . . . 13 . 24 . 2 5 . . 1 . 1 . . . 236 Cannon 896 | . . 23 86 11 116 86 3 . 16 . . . . . . . . . . . . . . 84 . 36 239 196 Launcher 29 | . . . 7 6 . 4 . . . . . . . . . 3 1 1 . 7 . . . . . . . . Special 12 | . . . . . . . . . 1 . . . 1 . . 2 . . 2 1 . . . 3 . . . 2 Kinetic 534 | 9 76 22 86 12 123 85 3 . 36 . . . . . . . . . . . . . . 1 . . . 81 Thermal 1129 | 9 76 28 86 11 116 14 . . 31 3 . . . 13 . 24 . 2 5 . . 1 . 84 . 36 239 351 Explosive 29 | . . . 7 6 . 4 . . . . . . . . . 3 1 1 . 7 . . . . . . . . Electromagnetic 9 | . . . . . . . . . 4 . . . 1 . . 1 . . . 1 . . . . . . . 2 Robot Hit Streak 68 | 6 7 7 16 10 13 11 11 . 19 . . . 5 . . 4 . 6 8 9 . . . 18 . 10 32 68 Robot Miss Streak 8 | 1 4 4 3 2 4 8 . . 4 . . . . . . 1 . . . . . 1 . 4 . 3 5 2 Penetration Max 1 | . . . . . . 1 . . 1 . . . . . . . . . . . . . . 1 . . . . Secondary Targets 13 | . 5 . . . . . . . . . . . . . . . . . . . . . . . . . . 8 Max Gunslinging Chain 1 | . 1 . . . . . . . . . . . . . . . . . . . . . . . . . . 1 Shots Hit Robots 1381 | 12 89 28 112 17 161 73 4 4 83 12 5 1 3 20 . 45 6 2 11 2 9 . 6 77 . 34 191 374 Core Hits 755 | 5 32 13 59 17 74 69 1 . 35 6 4 1 2 11 . 14 7 3 4 12 5 . 3 49 . 21 99 209 Critical Kills 13 | . . . 1 . 2 . . . 2 . . . . . . . . . . . . . . 1 . . 2 5 Critical Parts Destroyed 7 | . . . 1 1 . . . . 3 . . . 1 . . . . . . . . . . . . . . 1 Critical Strikes 92 | 1 6 . 2 1 2 12 . . 10 4 2 . 2 . . 4 1 . 1 . 1 . . 1 . . 2 40 Burn 27 | 1 6 . . . . . . . . . . . . . . . . . . . . . . . . . . 20 Meltdown 11 | . . . 1 . 2 . . . . . . . . . . . . . . . . . . 1 . . 2 5 Destroy 4 | . . . 1 1 . . . . 2 . . . . . . . . . . . . . . . . . . . Blast 29 | . . . . . . 12 . . 3 . . . . . . . . . . . . . . . . . . 14 Smash 5 | . . . . . . . . . 3 . . . 1 . . . . . . . . . . . . . . 1 Sever 9 | . . . . . . . . . . 2 . . . . . 4 1 . 1 . 1 . . . . . . . Impale 7 | . . . . . . . . . 2 2 2 . 1 . . . . . . . . . . . . . . . Melee Attacks 410 | . . . . . . . 2 4 104 27 15 26 8 52 . 90 9 . 15 5 20 . 17 16 . . . . Impact 27 | . . . . . . . . . 27 . . . . . . . . . . . . . . . . . . . Slashing 236 | . . . . . . . . . 15 12 2 3 1 48 . 90 9 . 13 5 19 . 3 16 . . . . Piercing 141 | . . . . . . . . . 62 15 13 23 7 4 . . . . 2 . 1 . 14 . . . . . Sneak Attacks 72 | . . . . . . . 2 4 26 4 5 1 . 6 . 10 3 . 3 . 4 . 4 . . . . . Combat Hostiles 9 | . . . . . . . . . 3 2 . . . . . . 1 . 3 . . . . . . . . . Follow-up Attacks 10 | . . . . . . . . . 4 3 . . . 2 . . . . . . 1 . . . . . . . Damage Inflicted 75919 | 152 1178 438 3079 853 3096 4986 92 . 4294 584 342 58 244 1164 . 2684 670 262 351 1189 514 . 448 6376 . 2701 10933 29231 Guns 10880 | 152 1178 159 923 122 1264 183 . . 466 . . . . 37 . 60 . 73 . . . . . 50 . . . 6213 Cannons 40395 | . . 279 1403 191 1821 3256 92 . 556 . . . . . . . . . . . . . . 6210 . 2634 10544 13409 Explosions 14680 | . . . 753 540 . 1539 . . . . . . 117 . . 398 267 189 . 1110 . . . . . . 215 9552 Melee 9559 | . . . . . . . . . 3272 584 342 58 112 1127 . 2182 403 . 351 50 514 . 448 116 . . . . Ramming 260 | . . . . . 11 8 . . . . . . . . . . . . . . . . . . . 67 174 . Kinetic 14427 | 49 590 134 923 122 1264 3214 92 . 865 . . . . . . . . . . . . . . 50 . . . 7124 Thermal 44698 | 103 588 304 1403 191 1821 225 . . 96 . . . . 37 . 60 . 73 . . . . . 6210 . 2634 10544 20409 Explosive 4400 | . . . 753 540 . 1539 . . . . . . . . . 252 267 189 . 860 . . . . . . . . Electromagnetic 2430 | . . . . . . . . . 61 . . . 117 . . 146 . . . 250 . . . . . . 215 1641 Impact 1283 | . . . . . . . . . 1138 . . . 15 . . 44 . . . 29 . . . . . . . 57 Slashing 5314 | . . . . . . . . . 594 141 . . . 1059 . 2182 403 . 345 50 424 . . 116 . . . . Piercing 3107 | . . . . . . . . . 1540 443 342 58 112 68 . . . . 6 . 90 . 448 . . . . . Highest Corruption 49 | . . 1 . 12 1 1 1 6 2 . . . 4 3 . 12 7 7 7 19 . . . 2 2 2 3 49 Average Corruption 3 | . . 1 . 5 1 1 1 4 1 . . . 4 2 . 7 7 7 7 14 . . . 1 2 1 1 8 Corruption Purged 12 | . . . . . . . . . 2 . . . . 3 . 5 . . . . . . . . . 2 . . Corruption Blocked . | . . . . . . . . . . . . . . . . . . . . . . . . . . . . . Effects 241 | . . 15 . 12 17 19 9 6 18 . . . 2 5 . 32 19 3 13 12 . . . 6 . 1 17 35 Message Errors 67 | . . 5 . . 2 9 4 1 8 . . . 1 3 . 7 4 . 4 4 . . . 1 . 1 5 8 Matter Fused 51 | . . 4 . 7 1 3 1 2 3 . . . . . . 8 4 1 3 3 . . . 3 . . 2 6 Heat Flow Errors 35 | . . 1 . 3 4 2 2 . 2 . . . 1 1 . 5 2 . 1 3 . . . 1 . . 1 6 Energy Discharges 23 | . . 2 . . 4 . 1 1 1 . . . . 1 . 3 3 1 . 1 . . . 1 . . 1 3 Parts Rejected 1 | . . . . . . . . . 1 . . . . . . . . . . . . . . . . . . . Parts Fused 5 | . . 1 . . 1 . . . 2 . . . . . . . . . . . . . . . . . 1 . Data Loss (minor) 26 | . . 2 . . 4 2 . 1 . . . . . . . 3 4 . 3 1 . . . . . . 3 3 Data Loss (major) 5 | . . . . . . 1 . . . . . . . . . . 1 1 . . . . . . . . 1 1 Misfires 3 | . . . . 1 . . 1 . . . . . . . . . . . . . . . . . . . . 1 Alerts 14 | . . . . 1 1 2 . 1 1 . . . . . . 4 1 . 2 . . . . . . . 1 . Misdirections 1 | . . . . . . . . . . . . . . . . . . . . . . . . . . . . 1 Weapon Failures 10 | . . . . . . . . . . . . . . . . 2 . . . . . . . . . . 2 6 Overload Shots 1 | . . . . . . . . . . 1 . . . . . . . . . . . . . . . . . . Overflow Damage 4541 | . . . . 23 5 102 . . 711 53 89 . 25 123 . 548 87 31 . 21 70 . . 146 . 34 456 2017 Projectiles 2129 | . . . . . 5 99 . . 19 . . . 15 . . 34 . . . . . . . 146 . 34 405 1372 Explosions 779 | . . . . 23 . 3 . . . . . . . . . 38 . 31 . 21 . . . . . . 18 645 Melee 1633 | . . . . . . . . . 692 53 89 . 10 123 . 476 87 . . . 70 . . . . . 33 . Knockbacks 48 | . . . . . 1 6 . . 8 . . . . . . 1 . . . . . . . . . 1 2 29 Impact 8 | . . . . . 1 . . . 3 . . . . . . 1 . . . . . . . . . 1 2 . Kinetic 38 | . . . . . . 5 . . 5 . . . . . . . . . . . . . . . . . . 28 Secondary 2 | . . . . . . 1 . . . . . . . . . . . . . . . . . . . . . 1 Self-Inflicted Damage 249 | . . . 89 67 . 27 . . . . . . . . . . . . . 11 . . . . . . 24 31 Shots 10 | . . . 3 2 . 1 . . . . . . . . . . . . . 1 . . . . . . 1 2 Rammed 13 | . . . . . 1 1 . . . . . . . . . . . . . . . . . . . 1 10 . Targets Rammed 15 | . . . . . 1 1 . . . . . . . . . . . . . . . . . . . 3 10 . Kicked . | . . . . . . . . . . . . . . . . . . . . . . . . . . . . . Crushed 2 | . . . . . . . . . . . . . . . . . . . . . . . . . . 2 . . Highest Temperature 429 | 27 162 293 270 217 291 198 266 . 292 208 164 116 271 200 242 308 263 126 429 215 21 . 89 251 . 102 287 242 Average Temperature 64 | 13 52 87 69 71 101 73 91 . 63 37 56 48 73 39 106 65 67 41 65 75 10 . 29 62 . 49 60 106 Received Heat Transfer 4682 | . 60 . 300 45 634 378 9 . 537 27 27 . . 39 . 9 . . 48 . 45 . 90 361 . 16 648 1409 Effects 8 | . . . . . 1 . . . 3 . . . 1 . . 3 . . . . . . . . . . . . Energy Bleed 2 | . . . . . . . . . 1 . . . . . . 1 . . . . . . . . . . . . Interference 6 | . . . . . 1 . . . 2 . . . 1 . . 2 . . . . . . . . . . . . Siege Activations 27 | . . . . . . . . . . . . . . . . . . . . . . . . 2 . 1 13 11 Total Turns 688 | . . . . . . . . . . . . . . . . . . . . . . . . 97 . 6 242 343 Longest Duration 89 | . . . . . . . . . . . . . . . . . . . . . . . . 89 . 6 52 61 Robots Corrupted 9 | . . . . . . . . . 4 . . . . . . . . . . . . . . . . . 1 4 Combat Hostiles 5 | . . . . . . . . . 1 . . . . . . . . . . . . . . . . . . 4 Parts Fried 48 | . . . . . . . . . 10 . . . 1 . . 4 . . . 5 . . . . . . 4 24 Impact Corruptions 20 | . . . . . . . . . 14 . . . 1 . . 1 . . . . . . . . . . 2 2 Robots Melted 24 | . . . 1 . 2 . . . . . . . . . . . . . . . . . . 2 . 1 6 12 Combat Hostiles 23 | . . . 1 . 2 . . . . . . . . . . . . . . . . . . 2 . 1 5 12 Parts Melted 136 | 1 3 1 2 . 8 . . . . . . . . . . . . . . . . . . 23 . 9 28 61 Heat Transferred 46257 | 370 2183 666 2257 333 3071 333 . . 111 . . . . 37 . 74 . 74 . . . . . 5587 . 2220 8830 20111 Parts Sabotaged 4 | . . . . . . . . . . . . . . . . . . . . . . . . . . . . 4 Parts Stolen . | . . . . . . . . . . . . . . . . . . . . . . . . . . . . . Parts Stripped . | . . . . . . . . . . . . . . . . . . . . . . . . . . . . . Power Chain Reactions . | . . . . . . . . . . . . . . . . . . . . . . . . . . . . . Alert | -11 -10 -10 -9 -9 -8 -8 -8 -8 -6 -6 -6 -6 -5 -5 -5 -5 -5 -5 -5 -4 -4 -4 -4 -4 -4 -3 -3 -2 ------- Run | Yrd Mat Min Mat Min Mat Sto Rec Scr Fac Low Low Dat Pro Fac Was Fac Upp Upp War Pro Fac Was Fac Arm Lab Res Tes Res Peak Influence 4333 | 20 282 50 480 386 347 765 316 . 648 . . . . 158 79 909 . . . . 362 185 285 828 . 366 1296 4333 Initial 729 | . 13 30 . 187 . 114 256 . . . . . . . 55 . . . . . 116 126 . 124 . . 124 729 Average 440 | 7 144 9 171 184 214 581 102 . 303 . . . . 65 31 415 . . . . 199 118 119 439 . 175 793 2360 Maximum Alert Level 5 | . 1 . 2 1 1 3 1 . 2 . . . . . . 3 . . . . 1 . 1 3 . 1 4 5 Low Security (%) 41 | 100 87 100 67 46 36 6 71 . 41 . . . . 100 100 20 . . . . 77 100 80 9 . 43 3 . Level 1 22 | . 12 . 15 53 63 9 28 . 12 . . . . . . 27 . . . . 22 . 19 36 . 56 3 . Level 2 19 | . . . 17 . . 54 . . 45 . . . . . . 36 . . . . . . . 33 . . 41 . Level 3 7 | . . . . . . 28 . . . . . . . . . 15 . . . . . . . 20 . . 29 6 Level 4 2 | . . . . . . . . . . . . . . . . . . . . . . . . . . . 22 14 Level 5 2 | . . . . . . . . . . . . . . . . . . . . . . . . . . . . 40 High Security 2 | . . . . . . . . . . . . . . . . . . . . . . . . . . . . 38 Max Security . | . . . . . . . . . . . . . . . . . . . . . . . . . . . . . Sterilizations 1 | . . . . . . . . . . . . . . . . . . . . . . . . . . . . 1 Squads Dispatched 128 | . 2 1 3 . 4 3 . . 21 . . . . 5 . 13 . . . . 3 . 7 14 . 3 13 36 Investigation 42 | . 1 1 1 . 1 . . . 9 . . . . 2 . 8 . . . . 2 . 5 4 . 1 3 4 Extermination 18 | . . . . . . . . . 6 . . . . . . 2 . . . . . . . 4 . 1 3 2 Reinforcement 27 | . 1 . 2 . 3 1 . . 4 . . . . 3 . 2 . . . . 1 . 2 4 . 1 3 . Assault 36 | . . . . . . 2 . . . . . . . . . 1 . . . . . . . 2 . . 4 27 Garrison 5 | . . . . . . . . . 2 . . . . . . . . . . . . . . . . . . 3 Intercept . | . . . . . . . . . . . . . . . . . . . . . . . . . . . . . Searches Triggered . | . . . . . . . . . . . . . . . . . . . . . . . . . . . . . Construction Impeded 1 | . . . . . . . . . . . . . . . . 1 . . . . . . . . . . . . Haulers Reinforced 3 | . . . . . . . . . 2 . . . . . . . . . . . . . 1 . . . . . Active Scanning Responses . | . . . . . . . . . . . . . . . . . . . . . . . . . . . . . Cargo Convoy Interrupts 1 | . . . . . . . . . 1 . . . . . . . . . . . . . . . . . . . Stealth | -11 -10 -10 -9 -9 -8 -8 -8 -8 -6 -6 -6 -6 -5 -5 -5 -5 -5 -5 -5 -4 -4 -4 -4 -4 -4 -3 -3 -2 --------- Run | Yrd Mat Min Mat Min Mat Sto Rec Scr Fac Low Low Dat Pro Fac Was Fac Upp Upp War Pro Fac Was Fac Arm Lab Res Tes Res Distress Signals 26 | . . 1 2 . 1 . . . 5 . . . . 2 . 6 . . 1 1 2 . 1 2 . . . 2 Communications Jammed 184 | . . . . . . 42 . . . . . . 1 . . 11 . . . 1 . . 4 51 . . 49 25 Distress Signals 181 | . . . . . . 42 . . . . . . . . . 11 . . . . . . 4 51 . . 49 24 Times Spotted 751 | . 24 8 41 12 47 38 1 . 47 12 4 4 3 11 10 27 3 5 64 6 26 11 25 60 . 13 59 190 Peak Tracking Total 21 | . 3 3 4 4 5 9 1 . 9 3 4 4 1 7 6 7 3 5 16 2 13 5 13 8 . 3 5 21 Tactical Retreats 45 | . . . 1 . 4 1 . . 3 3 1 . . 1 1 7 . . 7 . 3 1 5 1 . . 2 4 Traps | -11 -10 -10 -9 -9 -8 -8 -8 -8 -6 -6 -6 -6 -5 -5 -5 -5 -5 -5 -5 -4 -4 -4 -4 -4 -4 -3 -3 -2 ------- Run | Yrd Mat Min Mat Min Mat Sto Rec Scr Fac Low Low Dat Pro Fac Was Fac Upp Upp War Pro Fac Was Fac Arm Lab Res Tes Res Traps Triggered 16 | . 1 . . . 1 . . 1 . . . . . 1 . 3 . . 1 . 1 . . 4 . 3 . . Indirectly . | . . . . . . . . . . . . . . . . . . . . . . . . . . . . . Trap Hack Attempts 55 | . . . . 41 2 . . . . . . . . . . 12 . . . . . . . . . . . . Triggered . | . . . . . . . . . . . . . . . . . . . . . . . . . . . . . Disarmed . | . . . . . . . . . . . . . . . . . . . . . . . . . . . . . Reprogrammed 10 | . . . . 3 1 . . . . . . . . . . 6 . . . . . . . . . . . . Reused 9 | . . . . . . . . . 1 3 . . . . . 5 . . . . . . . . . . . . Traps Extracted 12 | . . . . 2 1 . . . . 1 . . . . . 4 3 . 1 . . . . . . . . . Installed 10 | . . . . . . . . 1 1 4 . . . . . 4 . . . . . . . . . . . . Triggered 40 | . . . . . . . . . 3 3 . . . . . 5 . . 27 2 . . . . . . . . Most Traps Carried 14 | . . . . 6 6 6 6 7 7 8 8 8 8 8 8 12 13 13 14 14 14 14 14 14 14 14 14 . Machines | -11 -10 -10 -9 -9 -8 -8 -8 -8 -6 -6 -6 -6 -5 -5 -5 -5 -5 -5 -5 -4 -4 -4 -4 -4 -4 -3 -3 -2 ---------- Run | Yrd Mat Min Mat Min Mat Sto Rec Scr Fac Low Low Dat Pro Fac Was Fac Upp Upp War Pro Fac Was Fac Arm Lab Res Tes Res Machines Disabled 63 | . . . 1 1 2 2 . . 3 . . 1 . . . 7 . . 3 . . . 3 19 . 1 17 3 Max in Single Turn 2 | . . . 1 1 1 1 . . . . . 1 . . . . . . . . . . 1 1 . 1 2 1 Garrison Access 11 | . . . . . . 1 . . 1 . . . . 1 . 3 . . . . 1 . 1 . . 1 1 1 Machines Repaired . | . . . . . . . . . . . . . . . . . . . . . . . . . . . . . Machines Dismantled . | . . . . . . . . . . . . . . . . . . . . . . . . . . . . . Machines Sabotaged . | . . . . . . . . . . . . . . . . . . . . . . . . . . . . . Overloaded Fab Kills . | . . . . . . . . . . . . . . . . . . . . . . . . . . . . . Hacking | -11 -10 -10 -9 -9 -8 -8 -8 -8 -6 -6 -6 -6 -5 -5 -5 -5 -5 -5 -5 -4 -4 -4 -4 -4 -4 -3 -3 -2 --------- Run | Yrd Mat Min Mat Min Mat Sto Rec Scr Fac Low Low Dat Pro Fac Was Fac Upp Upp War Pro Fac Was Fac Arm Lab Res Tes Res Machines Accessed 177 | . 7 1 10 1 13 10 12 3 22 . . 4 . 7 . 23 . . 6 . 8 . 11 13 . 9 13 4 Terminals 80 | . 6 . 8 . 7 7 5 . 11 . . . . 4 . 5 . . . . 3 . 5 7 . 5 7 . Fabricators 17 | . . . . . . . . . 3 . . . . 1 . 4 . . . . . . 1 4 . 1 2 1 Repair Stations 18 | . 1 . 1 . 2 1 . . 2 . . . . . . 3 . . . . 2 . 1 1 . 2 2 . Recycling Units 21 | . . . . . 1 1 7 . 3 . . . . . . 5 . . . . 1 . 2 1 . . . . Scanalyzers 14 | . . . 1 . 2 . . . 2 . . . . 1 . 3 . . . . 1 . 1 . . . 1 2 Garrison Access 12 | . . . . . 1 1 . . 1 . . . . 1 . 3 . . . . 1 . 1 . . 1 1 1 Total Hacks 615 | . 29 1 43 1 70 21 32 8 81 . . 29 . 24 . 103 . . 16 . 28 . 29 35 . 16 35 14 Successful 398 | . 15 1 26 1 45 13 22 8 50 . . 29 . 12 . 66 . . 16 . 25 . 18 26 . 7 13 5 Failed 216 | . 14 . 17 . 25 8 10 . 30 . . . . 12 . 37 . . . . 3 . 11 9 . 9 22 9 Catastrophic 28 | . 1 . . . 1 1 1 . 5 . . . . 3 . 4 . . . . 1 . 1 2 . 3 4 1 Database Lockouts 1 | . . . . . . . . . 1 . . . . . . . . . . . . . . . . . . . Manual 210 | . 23 . 23 . 18 12 19 . 30 . . . . 9 . 32 . . 1 . 8 . 9 16 . 3 5 2 Terminals 269 | . 27 . 28 . 31 15 17 . 35 . . . . 10 . 34 . . . . 16 . 15 18 . 9 14 . Fabricators 65 | . . . . . . . . . 20 . . . . 8 . 14 . . . . . . 3 10 . 1 6 3 Repair Stations 62 | . 2 . 8 . 10 4 . . 5 . . . . . . 12 . . . . 7 . 1 2 . 4 7 . Recycling Units 59 | . . . . . 3 1 15 . 8 . . . . . . 20 . . . . 2 . 5 5 . . . . Scanalyzers 88 | . . . 7 . 24 . . . 12 . . . . 4 . 20 . . . . 2 . 4 . . . 6 9 Garrison Access 17 | . . . . . 2 1 . . 1 . . . . 2 . 3 . . . . 1 . 1 . . 2 2 2 Terminal Hacks 135 | . 4 1 8 1 7 2 3 8 10 . . 29 . 1 . 13 . . 16 . 11 . 7 9 . 3 2 . Record 21 | . . . . . . . . 7 . . . 11 . . . . . . 2 . . . . 1 . . . . Part Schematic 19 | . . . 1 . . . . . 3 . . 8 . . . . . . . . . . . 4 . 2 1 . Robot Schematic 7 | . . . . . . . . . . . . 7 . . . . . . . . . . . . . . . . Robot Analysis 6 | . 1 . 1 . 1 . 1 . . . . . . . . . . . . . 1 . 1 . . . . . Prototype ID Bank 23 | . 2 . 2 . 1 1 . . 1 . . 3 . . . . . . 12 . 1 . . . . . . . Open Door 6 | . . 1 . 1 . 1 . . . . . . . . . . . . 2 . . . . 1 . . . . Level Access Points 2 | . . . . . . . . . . . . . . . . 1 . . . . 1 . . . . . . . Branch Access Points 7 | . . . 1 . 1 . . . 1 . . . . 1 . 1 . . . . 1 . 1 . . . . . Machine Index 3 | . . . . . . . . . . . . . . . . 1 . . . . 1 . 1 . . . . . Terminal Index 6 | . 1 . 1 . 1 . . . 1 . . . . . . . . . . . . . 1 . . 1 . . Scanalyzer Index 1 | . . . . . . . . . 1 . . . . . . . . . . . . . . . . . . . Alert Level 2 | . . . . . . . . . . . . . . . . 1 . . . . . . 1 . . . . . Unreport Threat 10 | . . . . . 2 . 2 . 1 . . . . . . 4 . . . . . . . 1 . . . . Locate Traps 6 | . . . 1 . . . . . 1 . . . . . . 2 . . . . 2 . . . . . . . Reprogram Traps 1 | . . . . . . . . . . . . . . . . . . . . . 1 . . . . . . . Recall Investigation 3 | . . . . . . . . . . . . . . . . 1 . . . . . . 1 1 . . . . Recall Extermination 1 | . . . . . . . . . . . . . . . . 1 . . . . . . . . . . . . Hauler Manifests 4 | . . . 1 . 1 . . . 1 . . . . . . 1 . . . . . . . . . . . . Registered Components 1 | . . . . . . . . . . . . . . . . . . . . . 1 . . . . . . . Zone Layout 5 | . . . . . . . . . . . . . . . . . . . . . 2 . 1 1 . . 1 . Derelict Proto ID Bank 1 | . . . . . . . . 1 . . . . . . . . . . . . . . . . . . . . Fabricator Hacks 36 | . . . . . . . . . 13 . . . . 4 . 6 . . . . . . 1 7 . 1 2 2 Network Status 5 | . . . . . . . . . 1 . . . . 1 . 1 . . . . . . . 1 . 1 . . Load Schematic 16 | . . . . . . . . . 7 . . . . 2 . 2 . . . . . . 1 2 . . 1 1 Build 15 | . . . . . . . . . 5 . . . . 1 . 3 . . . . . . . 4 . . 1 1 Repair Station Hacks 45 | . 2 . 6 . 7 4 . . 4 . . . . . . 8 . . . . 6 . 1 2 . 1 4 . Scan Component 25 | . 1 . 3 . 4 2 . . 2 . . . . . . 4 . . . . 3 . 1 1 . 1 3 . Repair 19 | . 1 . 3 . 3 2 . . 1 . . . . . . 4 . . . . 3 . . 1 . . 1 . Refit 1 | . . . . . . . . . 1 . . . . . . . . . . . . . . . . . . . Recycling Unit Hacks 20 | . . . . . 1 1 6 . 1 . . . . . . 7 . . . . 1 . 2 1 . . . . Report Inventory 18 | . . . . . 1 1 6 . 1 . . . . . . 5 . . . . 1 . 2 1 . . . . Retrieve Components 2 | . . . . . . . . . . . . . . . . 2 . . . . . . . . . . . . Scanalyzer 68 | . . . 6 . 22 . . . 11 . . . . 2 . 15 . . . . 2 . 4 . . . 3 3 Insert Component 31 | . . . 3 . 10 . . . 3 . . . . 1 . 7 . . . . 1 . 2 . . . 2 2 Analyze 37 | . . . 3 . 12 . . . 8 . . . . 1 . 8 . . . . 1 . 2 . . . 1 1 Garrison Access Hacks 10 | . . . . . . 1 . . 1 . . . . 1 . 3 . . . . 1 . 1 . . 1 1 . Seal Access 10 | . . . . . . 1 . . 1 . . . . 1 . 3 . . . . 1 . 1 . . 1 1 . Unauthorized Hacks 84 | . 9 . 6 . 8 5 13 . 10 . . . . 4 . 14 . . . . 4 . 2 7 . 1 1 . Terminals 47 | . 9 . 6 . 8 5 6 . 3 . . . . 1 . 4 . . . . 3 . . 2 . . . . Track 8 | . 1 . . . . . . . 2 . . . . 1 . 1 . . . . 1 . . 2 . . . . Assimilate 2 | . . . . . . . . . . . . . . . . 1 . . . . 1 . . . . . . . Botnet 7 | . 2 . 1 . 1 . 1 . 1 . . . . . . . . . . . 1 . . . . . . . Operators 4 | . 1 . . . 2 . . . . . . . . . . 1 . . . . . . . . . . . . Skim 26 | . 5 . 5 . 5 5 5 . . . . . . . . 1 . . . . . . . . . . . . Fabricators 17 | . . . . . . . . . 5 . . . . 3 . 6 . . . . . . . 2 . . 1 . Report 1 | . . . . . . . . . . . . . . . . 1 . . . . . . . . . . . . Prioritize 5 | . . . . . . . . . 1 . . . . 1 . 2 . . . . . . . 1 . . . . Liberate 4 | . . . . . . . . . 1 . . . . . . 1 . . . . . . . 1 . . 1 . Haulers 3 | . . . . . . . . . 1 . . . . 1 . 1 . . . . . . . . . . . . Recompile 4 | . . . . . . . . . 2 . . . . 1 . 1 . . . . . . . . . . . . Repair Stations 11 | . . . . . . . . . 2 . . . . . . 4 . . . . 1 . 2 1 . 1 . . Patch 1 | . . . . . . . . . . . . . . . . . . . . . . . . . . 1 . . Recycling Units 9 | . . . . . . . 7 . . . . . . . . . . . . . . . . 2 . . . . Reject 1 | . . . . . . . . . . . . . . . . . . . . . . . . 1 . . . . Mask 1 | . . . . . . . . . . . . . . . . . . . . . . . . 1 . . . . Tunnel 7 | . . . . . . . 7 . . . . . . . . . . . . . . . . . . . . . Scrapoids 10 | . . . . . . . . . 2 . . . . . . 4 . . . . 1 . 2 1 . . . . Scanalyzers . | . . . . . . . . . . . . . . . . . . . . . . . . . . . . . Garrison Access . | . . . . . . . . . . . . . . . . . . . . . . . . . . . . . Data Cores Recovered 5 | . . . . . . . . . 1 . . . . . . 2 . . . . . . . 1 . 1 . . Used 1 | . . . . . . . . . . . . . . . . . . . . . . . . 1 . . . . Hacking Detections 140 | . 6 . 10 . 13 8 8 . 19 . . . . 6 . 17 . . . . 7 . 9 11 . 9 13 4 Full Trace Events 24 | . . . 1 . 1 1 . . 3 . . . . 1 . 3 . . . . 1 . 3 3 . . 3 4 Feedback Events . | . . . . . . . . . . . . . . . . . . . . . . . . . . . . . Feedback Blocked . | . . . . . . . . . . . . . . . . . . . . . . . . . . . . . Robot Schematics Acquired 7 | . . . . . . . . . . . . 7 . . . . . . . . . . . . . . . . Robots Built 7 | . . . . . . . . . . . . . . . . 3 . . . . . . . 4 . . . . Authchips . | . . . . . . . . . . . . . . . . . . . . . . . . . . . . . Time 319 | . . . . . . . . . . . . . . . . 56 . . . . . . . 263 . . . . Total Robot Build Rating 40 | . . . . . . . . . . . . . . . . 18 . . . . . . . 22 . . . . Part Schematics Acquired 48 | . . . 4 . 10 . . . 5 . . 8 . 1 . 5 . . . . 1 . 2 4 . 2 6 . Parts Built 15 | . . . . . . . . . 7 . . . . 1 . 2 . . . . . . . 2 . . 1 2 Authchips 7 | . . . . . . . . . 5 . . . . 1 . 1 . . . . . . . . . . . . Time 893 | . . . . . . . . . 334 . . . . 53 . 255 . . . . . . . 136 . . 69 46 Total Part Build Rating 98 | . . . . . . . . . 39 . . . . 6 . 16 . . . . . . . 10 . . 9 18 Parts Repaired 19 | . 1 . 3 . 3 2 . . 1 . . . . . . 4 . . . . 3 . . 1 . . 1 . Time 946 | . 32 . 121 . 123 91 . . 89 . . . . . . 164 . . . . 236 . . 36 . . 54 . Parts Recycled . | . . . . . . . . . . . . . . . . . . . . . . . . . . . . . Recycled Matter . | . . . . . . . . . . . . . . . . . . . . . . . . . . . . . Retrieved Matter . | . . . . . . . . . . . . . . . . . . . . . . . . . . . . . Retrieved Components 12 | . . . . . . . . . . . . . . . . 12 . . . . . . . . . . . . Parts Scanalyzed 26 | . . . 3 . 10 . . . 3 . . . . . . 5 . . . . 1 . 2 . . . 1 1 Part Schematics Acquired 25 | . . . 3 . 10 . . . 2 . . . . 1 . 5 . . . . 1 . 2 . . . 1 . Parts Damaged 5 | . . . . . 1 . . . . . . . . . . 2 . . . . . . 1 . . . . 1 Bothacking | -11 -10 -10 -9 -9 -8 -8 -8 -8 -6 -6 -6 -6 -5 -5 -5 -5 -5 -5 -5 -4 -4 -4 -4 -4 -4 -3 -3 -2 ------------ Run | Yrd Mat Min Mat Min Mat Sto Rec Scr Fac Low Low Dat Pro Fac Was Fac Upp Upp War Pro Fac Was Fac Arm Lab Res Tes Res Used RIF Installer . | . . . . . . . . . . . . . . . . . . . . . . . . . . . . . Robots Hacked 7 | . . . . . . . 2 4 . . . . . . . . . . . . . . . 1 . . . . Non-combat 3 | . . . . . . . 1 2 . . . . . . . . . . . . . . . . . . . . Combat 4 | . . . . . . . 1 2 . . . . . . . . . . . . . . . 1 . . . . Robot Hacks Applied 7 | . . . . . . . 2 4 . . . . . . . . . . . . . . . 1 . . . . parse_system 7 | . . . . . . . 2 4 . . . . . . . . . . . . . . . 1 . . . . Relay Couplers Released 7 | . . . . . . . . . . . . . . . . 4 . . . . . . . . . . 1 2 Machine Destruction 3 | . . . . . . . . . . . . . . . . . . . . . . . . . . . 1 2 Programmers 4 | . . . . . . . . . . . . . . . . 4 . . . . . . . . . . . . Fabnet Peak Effective % . | . . . . . . . . . . . . . . . . . . . . . . . . . . . . . Robots Rewired 13 | . . . . . . . . . . 3 . . . . . . . . 5 . . . . 4 . . 1 . Allies Hacked 2 | . . . . . . . . . . . . . . . . . . . . . . . . 2 . . . . Hacks Repelled . | . . . . . . . . . . . . . . . . . . . . . . . . . . . . . Allies | -11 -10 -10 -9 -9 -8 -8 -8 -8 -6 -6 -6 -6 -5 -5 -5 -5 -5 -5 -5 -4 -4 -4 -4 -4 -4 -3 -3 -2 -------- Run | Yrd Mat Min Mat Min Mat Sto Rec Scr Fac Low Low Dat Pro Fac Was Fac Upp Upp War Pro Fac Was Fac Arm Lab Res Tes Res Total Allies 128 | . . 3 . . . 2 . 1 18 3 . . . . 19 24 . . 6 . 6 19 10 13 . . 4 . Largest Group 19 | . . 3 3 . . 2 . 1 7 4 . . . . 19 8 5 3 5 . 5 19 6 5 . . 3 1 Highest-Rated Group 702 | . . 40 40 . . 62 . 73 198 86 . . . . 684 328 238 141 252 . 235 702 261 238 . . 141 122 Highest-Rated Ally 122 | . . 16 16 . . 31 . 73 73 28 . . . . 50 50 50 47 65 . 47 50 47 50 . . 122 122 Total Orders 4 | . . . . . . . . . 1 . . . . . . . . . 1 . . . . 2 . . . . STAY 2 | . . . . . . . . . 1 . . . . . . . . . . . . . . 1 . . . . FOLLOW 1 | . . . . . . . . . . . . . . . . . . . . . . . . 1 . . . . AID 1 | . . . . . . . . . . . . . . . . . . . 1 . . . . . . . . . Ally Attacks 970 | . . . 41 . . 27 . . 179 23 . . . . 74 199 32 8 54 . 26 144 39 81 . . 37 6 Total Damage 28465 | . . . 442 . . 420 . . 3721 542 . . . . 4029 4864 763 179 1755 . 625 6082 750 1647 . . 964 1682 Kills 127 | . . . 6 . . 3 . . 25 3 . . . . 9 31 1 3 8 . 2 12 3 9 . . 7 5 Allies Corrupted 2 | . . . . . . . . . . . . . . . . . . . . . . . 1 1 . . . . Allies Melted 7 | . . . . . . . . . 2 . . . . . . 1 . . 4 . . . . . . . . . Intel | -11 -10 -10 -9 -9 -8 -8 -8 -8 -6 -6 -6 -6 -5 -5 -5 -5 -5 -5 -5 -4 -4 -4 -4 -4 -4 -3 -3 -2 ------- Run | Yrd Mat Min Mat Min Mat Sto Rec Scr Fac Low Low Dat Pro Fac Was Fac Upp Upp War Pro Fac Was Fac Arm Lab Res Tes Res Robot Analysis Total 6 | . 1 . 1 . 1 . 1 . . . . . . . . . . . . . 1 . 1 . . . . . Derelict Logs Recovered 13 | . . 2 . . . . . . . 1 2 . 2 . . . 2 2 . 2 . . . . . . . . Drone Launches . | . . . . . . . . . . . . . . . . . . . . . . . . . . . . . Drone Recoveries . | . . . . . . . . . . . . . . . . . . . . . . . . . . . . . Decoded 0b10 Intel 58 | . . . . . . . . . . . . . . 35 7 16 . . . . . . . . . . . . Items 58 | . . . . . . . . . . . . . . 35 7 16 . . . . . . . . . . . . Exploration | -11 -10 -10 -9 -9 -8 -8 -8 -8 -6 -6 -6 -6 -5 -5 -5 -5 -5 -5 -5 -4 -4 -4 -4 -4 -4 -3 -3 -2 ------------- Run | Yrd Mat Min Mat Min Mat Sto Rec Scr Fac Low Low Dat Pro Fac Was Fac Upp Upp War Pro Fac Was Fac Arm Lab Res Tes Res Turns Passed 38471 | 86 1303 1356 3025 2110 2353 2137 1255 7560 2611 1144 214 115 453 569 130 1874 618 163 1225 348 302 186 341 2078 24 857 2286 1748 Spaces Moved 27281 | 52 592 609 1202 692 837 666 439 3131 2894 949 545 137 1063 788 366 2862 674 451 1964 382 750 310 822 1921 17 516 1106 544 Core 24 | 1 . . . . . . . . . . . . . . . . . . . . 1 . . . . . . 22 Treads 7548 | . . . . . 451 666 439 3131 290 . . . . . . . . . . . . . . 438 17 516 1106 494 Legs 325 | . . . . . . . . . . . . . . . . . . . . . . . . 297 . . . 28 Wheels 3532 | 51 592 609 1202 692 386 . . . . . . . . . . . . . . . . . . . . . . . Hover 504 | . . . . . . . . . 504 . . . . . . . . . . . . . . . . . . . Flight 15348 | . . . . . . . . . 2100 949 545 137 1063 788 366 2862 674 451 1964 382 749 310 822 1186 . . . . Fastest Speed 7 | 50 80 195 195 210 150 238 241 198 21 21 21 15 21 19 20 15 18 15 7 12 18 18 15 17 145 145 145 50 Average Speed 96 | 79 158 195 209 210 197 240 241 237 50 21 21 19 21 21 20 22 22 19 18 18 19 18 19 63 145 145 145 166 Slowest Speed 680 | 80 195 195 210 210 241 241 241 317 295 88 21 21 89 95 21 92 88 88 92 88 200 88 26 225 145 225 145 680 Overloaded Moves 134 | . . . . . . . . . . . . 25 . 19 . 6 . 13 50 6 . . 15 . . . . . Propulsion Burnouts . | . . . . . . . . . . . . . . . . . . . . . . . . . . . . . Robots Hopped 62 | . . . . . . . . . 12 2 . . . 20 . 9 . . 2 . 4 5 8 . . . . . Cave-ins Triggered . | . . . . . . . . . . . . . . . . . . . . . . . . . . . . . Exploration Rate (%) 64 | 4 94 98 87 96 78 94 97 93 52 83 71 80 95 17 94 51 70 55 96 57 15 94 25 54 6 14 91 16 Regions Visited 28 Branch Regions 16 Pre-discovered Areas 18 | . . . . 1 2 1 11 . . . . 1 . . . . 1 . . 1 . . . . . . . . Known Exits Taken 20 | . . 1 1 1 1 . 1 1 1 1 1 1 1 . . 1 1 1 1 1 . . 1 . 1 1 1 . Unknown Exits Taken 4 | 1 1 . . . . 1 . . . . . . . . . . . . . . . . . 1 . . . . Scrap Searched 22 | . . 1 . 1 . . . 10 . . 1 . 3 . . . 2 3 . 1 . . . . . . . . Spaces Dug 293 | . . . 47 43 . 1 . . 51 9 8 . 3 26 . 49 . . 5 4 7 . 4 11 . 6 8 11 Terrain Destroyed 1001 | . . . 64 61 7 103 1 . 58 9 8 . 17 26 . 81 8 24 5 146 7 . 4 58 . 42 73 199 Melee 120 | . . . . . . . . . 28 7 8 . 3 20 . 37 . . 2 4 7 . 4 . . . . . Projectile 291 | . . . 6 . 7 30 1 . 30 2 . . . 6 . 14 . . 3 . . . . 58 . 42 73 19 AOE 590 | . . . 58 61 . 73 . . . . . . 14 . . 30 8 24 . 142 . . . . . . . 180 Terrain Rammed . | . . . . . . . . . . . . . . . . . . . . . . . . . . . . . Walls Destroyed . | . . . . . . . . . . . . . . . . . . . . . . . . . . . . . Machines Disabled . | . . . . . . . . . . . . . . . . . . . . . . . . . . . . . Actions | -11 -10 -10 -9 -9 -8 -8 -8 -8 -6 -6 -6 -6 -5 -5 -5 -5 -5 -5 -5 -4 -4 -4 -4 -4 -4 -3 -3 -2 --------- Run | Yrd Mat Min Mat Min Mat Sto Rec Scr Fac Low Low Dat Pro Fac Was Fac Upp Upp War Pro Fac Was Fac Arm Lab Res Tes Res Total 37383 | 75 806 728 1535 1319 1307 1059 635 3268 3800 1845 620 189 1269 1078 420 3901 1126 519 2806 644 880 430 968 2730 16 611 1663 1136 Wait 6904 | 2 101 71 177 528 236 250 181 40 553 795 61 25 181 211 46 788 424 47 716 233 94 103 114 539 . 12 254 122 Move 27143 | 51 591 608 1201 691 836 665 438 3130 2871 944 544 136 1062 755 365 2843 673 450 1959 381 742 301 806 1920 16 515 1105 544 Hop 50 | . . . . . . . . . 10 2 . . . 13 . 9 . . 2 . 4 3 7 . . . . . Pick Up 301 | 6 20 12 18 11 21 5 4 32 27 6 . 2 1 6 3 15 4 3 4 2 6 3 6 35 . 13 18 18 Fast Attach 256 | 6 2 . 6 1 16 14 1 5 39 1 1 . 3 4 . 15 2 3 32 1 5 6 6 24 . 6 29 28 Attach 179 | 1 1 6 5 1 12 5 1 8 24 . . . 1 7 . 13 3 3 3 7 4 . 1 10 . 4 9 50 Detach 71 | . . . . . 3 3 1 2 9 . . . . 1 . 6 . . 2 5 . . . 1 . 1 5 32 Swap 297 | . 6 1 14 17 17 9 . 9 45 11 1 1 9 13 3 49 4 4 5 . 1 5 2 16 . 6 24 25 Drop 470 | . 9 2 21 12 35 17 5 37 62 7 . 2 4 5 3 26 6 6 37 2 5 8 10 53 . 15 48 33 Fire 1133 | 9 76 28 93 17 128 90 2 . 62 3 . . 1 13 . 31 1 3 7 8 . 1 . 88 . 36 158 278 Melee 388 | . . . . . . . 2 4 97 22 13 23 7 50 . 90 9 . 15 5 19 . 16 16 . . . . Ram . | . . . . . . . . . . . . . . . . . . . . . . . . . . . . . Kick . | . . . . . . . . . . . . . . . . . . . . . . . . . . . . . Crush 15 | . . . . . 1 1 . . . . . . . . . . . . . . . . . . . 3 10 . Escape Stasis 27 | . . . . . . . . . . . . . . . . . . . . . . . . 21 . . . 6 Rewire 84 | . . . . . . . . . . 50 . . . . . . . . 24 . . . . 7 . . 3 . Trap 65 | . . . . 41 2 . . 1 1 4 . . . . . 16 . . . . . . . . . . . . Miscellaneous . | . . . . . . . . . . . . . . . . . . . . . . . . . . . . . Route ------- -11/Scrapyard -10/Materials (discovered 6 exits: *Mat x3 / *Min x2 / Sub) -10/Mines (discovered 3 exits: *Mat x2 / [*Exi]) -9/Materials (discovered 4 exits: *Mat x3 / *Min) -9/Mines (discovered 2 exits: *Mat x2) -8/Materials (discovered 4 exits: *Fac x3 / *Sto) -8/Storage (discovered 2 exits: *Fac / *Rec) -8/Recycling (discovered 2 exits: *Fac / *Scr) -8/Scraptown (discovered 2 exits: *Fac x2) -6/Factory (discovered 2 exits: *Low x2) -6/Lower Caves -6/Lower Caves (discovered 2 exits: *Fac / *Dat) -6/Data Miner -5/Proximity Caves -5/Factory (discovered 2 exits: Upp x2) -5/Waste -5/Factory (discovered 6 exits: *Fac x4 / *Upp x2) -5/Upper Caves -5/Upper Caves -5/Warlord -4/Proximity Caves -4/Factory (discovered 9 exits: *Res x4 / Upp x2 / Ext x2 / Arm) -4/Waste -4/Factory (discovered 5 exits: *Upp x2 / Ext x2 / *Arm) -4/Armory (discovered 2 exits: *Res / *Lab) -4/Lab -3/Research (discovered 2 exits: *Res / *Tes) -3/Testing -2/Research (discovered 1 exit: [*Qua]) History --------- Turn | Location | Event 31 | -11/Scrapyard | Discovered new exit (range 15) 87 | -11/Scrapyard | Entered Materials 306 | -10/Materials | Build established: Mutant 428 | -10/Materials | Discovered new exit (range 5) 493 | -10/Materials | Discovered new exit (range 15) 733 | -10/Materials | Discovered new exit (range 16) 999 | -10/Materials | Discovered new exit (range 7) 1083 | -10/Materials | Identified exit to Materials 1083 | -10/Materials | Identified exit to Subcaves 1177 | -10/Materials | Repaired Imp. Treads 1240 | -10/Materials | Learned location of 2 exits from Subcaves 1283 | -10/Materials | Learned 2 Storage zone layouts 1319 | -10/Materials | Learned Storage trap positions 1390 | -10/Materials | Entered Mines 1411 | -10/Mines | Assembled infested the area 1613 | -10/Mines | Learned 4 Materials zone layouts 1830 | -10/Mines | Learned Materials stockpile data 1836 | -10/Mines | Discovered exit to Materials (range 9) 1874 | -10/Mines | Met a Derelict shopkeep closing up shop 2449 | -10/Mines | Assisted by bots powering up and referring to "LRC-V3" 2496 | -10/Mines | Deemed a non-threat by the Exiles lab entrance 2496 | -10/Mines | Discovered new exit (range 5) 2664 | -10/Mines | Discovered exit to Materials (range 16) 2746 | -10/Mines | Entered Materials 2746 | -9/Materials | Accompanied by 3 allies 2746 | -9/Materials | Evolved 2 slots: Propulsion x1, Utility x1 2747 | -9/Materials | Identified exit to Materials 3711 | -9/Materials | Discovered new exit (range 16) 3979 | -9/Materials | Discovered exit to Materials (range 16) 4441 | -9/Materials | Loaded intel: 36 non-interactive machine locations 4483 | -9/Materials | Loaded intel: 4 trap records 4548 | -9/Materials | Learned Materials stockpile data 4589 | -9/Materials | Learned Storage garrison access intel 5434 | -9/Materials | Identified exit to Mines 5485 | -9/Materials | Repaired Imp. Treads 5538 | -9/Materials | Repaired Hvy. Ion Engine 5577 | -9/Materials | Repaired Imp. Light Armor Plating 5771 | -9/Materials | Entered Mines 5835 | -9/Mines | Discovered exit to Materials (range 11) 5879 | -9/Mines | Found a hidden stash of uninstalled traps 6156 | -9/Mines | Discovered exit to Materials (range 11) 6256 | -9/Mines | Learned location of Storage (-8) 6676 | -9/Mines | Received a Rocket Launcher from a helpful Derelict 6780 | -9/Mines | Met a Derelict who couldn't figure out how to use a Trap Extractor 7877 | -9/Mines | System corruption reached 10% 7881 | -9/Mines | Entered Materials 7881 | -8/Materials | Evolved 2 slots: Propulsion x1, Utility x1 8344 | -8/Materials | Repaired Imp. Treads 8399 | -8/Materials | Discovered new exit (range 10) 8928 | -8/Materials | Discovered new exit (range 6) 9176 | -8/Materials | Identified exit to Storage 9409 | -8/Materials | Build established: Scavenger-Mutant 9430 | -8/Materials | Learned Factory fabricator intel 9479 | -8/Materials | Learned Storage security intel 9519 | -8/Materials | Identified exit to Factory 9547 | -8/Materials | Learned 2 Lower Caves zone layouts 9587 | -8/Materials | Learned Factory garrison access intel 9615 | -8/Materials | Learned Storage emergency access door positions 9784 | -8/Materials | Repaired Adv. Treads 9839 | -8/Materials | Repaired Broken Arm. Treads 10234 | -8/Materials | Entered Storage 10236 | -8/Storage | Loaded intel: 21 trap records 10239 | -8/Storage | Loaded intel: 1 garrison access location 10355 | -8/Storage | Core integrity fell below 50% 10880 | -8/Storage | Met a pair of Derelict thieves 10928 | -8/Storage | Found Prototype Launcher 10928 | -8/Storage | Identified Scatter Rocket Array 11104 | -8/Storage | Used back door to open Recycling access 11104 | -8/Storage | Discovered new exit (range 4) 11199 | -8/Storage | Discovered exit to Factory (range 16) 11481 | -8/Storage | Repaired Broken Arm. Treads? 11546 | -8/Storage | Repaired Hvy. Assault Cannon 11920 | -8/Storage | Learned location of Lower Caves (-6) 11995 | -8/Storage | Loaded intel: 20 non-interactive machine locations 12060 | -8/Storage | Learned location of 1 exit from Extension 12117 | -8/Storage | Learned 2 Storage zone layouts 12164 | -8/Storage | Learned Factory non-interactive machine intel 12200 | -8/Storage | Learned 4 Factory zone layouts 12256 | -8/Storage | Learned 2 Lower Caves zone layouts 12300 | -8/Storage | Learned location of 1 exit from Lower Caves 12371 | -8/Storage | Entered Recycling 12700 | -8/Recycling | Discovered new exit (range 9) 13321 | -8/Recycling | Learned 2 Storage zone layouts 13403 | -8/Recycling | Learned location of Lower Caves (-6) 13432 | -8/Recycling | Learned 2 Storage zone layouts 13460 | -8/Recycling | Learned location of 1 exit from Lower Caves 13461 | -8/Recycling | Identified exit to Factory 13472 | -8/Recycling | Learned location of 1 exit from Storage 13523 | -8/Recycling | Identified exit to Scraptown 13557 | -8/Recycling | Scanned before Scraplab entrance 13600 | -8/Recycling | Entered Scraplab 13626 | -8/Recycling | Entered Scraptown 13626 | -8/Scraptown | System corruption cleaned by C-Scrubber 13677 | -8/Scraptown | Heard Great Nut preacher, LISTEN AND RECITE! 13713 | -8/Scraptown | Visited CPS Storage 13789 | -8/Scraptown | Visited Fellowship of the Rings 13850 | -8/Scraptown | Build established: Mutant 14559 | -8/Scraptown | Discovered exit to Factory (range 11) 14730 | -8/Scraptown | Visited SPCMW 14795 | -8/Scraptown | Visited Spacefarers 14899 | -8/Scraptown | Visited Bundlers 15128 | -8/Scraptown | Visited Awakened 15200 | -8/Scraptown | Visited Assassins FH 15639 | -8/Scraptown | Visited UFD Registry 15639 | -8/Scraptown | Registered with UFD as "Nullhead" 15699 | -8/Scraptown | Visited LU-1G1's Boring Crew 15807 | -8/Scraptown | Visited Scrap Suit Storage 15841 | -8/Scraptown | Visited Botcube Research 15854 | -8/Scraptown | Found Botcube 16163 | -8/Scraptown | Visited DA-N13 Charitable Foundation 16178 | -8/Scraptown | Found DCF Scrap (31 items) 16243 | -8/Scraptown | Visited Infowarlord's Domain 16393 | -8/Scraptown | Visited Abandonware Association 16419 | -8/Scraptown | Learned abandonware demo "TRNCOAT.EXE" 16419 | -8/Scraptown | Learned abandonware demo "REBOOT5.EXE" 16465 | -8/Scraptown | Visited Science Guys 16855 | -8/Scraptown | Build established: Trapper-Mutant 16859 | -8/Scraptown | Visited Curators Association 16976 | -8/Scraptown | Visited Modified Component R&D 17219 | -8/Scraptown | Warned about trapping Scraptown 17329 | -8/Scraptown | Found Voltaic Drivehammer 17344 | -8/Scraptown | Lost 5 allies 17416 | -8/Scraptown | Discovered exit to Factory (range 5) 17428 | -8/Scraptown | System corruption cleaned by C-Scrubber 17544 | -8/Scraptown | Found Exp. Sensor Array 17661 | -8/Scraptown | Build established: Scavenger-Mutant 18167 | -8/Scraptown | Found Scrap Suit 18829 | -8/Scraptown | Found Scrap Suit 19191 | -8/Scraptown | Build established: Trapper-Mutant 20580 | -8/Scraptown | Botcube activated 20602 | -8/Scraptown | Botcube completed mutation into treaded form, armed with 2 guns. 20892 | -8/Scraptown | System corruption cleaned by C-Scrubber 21186 | -8/Scraptown | Entered Factory 21186 | -6/Factory | Accompanied by 1 ally 21186 | -6/Factory | Evolved 4 slots: Power x1, Propulsion x2, Utility x1 21188 | -6/Factory | Loaded intel: 182 non-interactive machine locations 21189 | -6/Factory | Loaded intel: 6 fabricator locations 21190 | -6/Factory | Loaded intel: 4 garrison access locations 21635 | -6/Factory | Fabricated Cmb. Airjet? 21872 | -6/Factory | Build established: Scavenger-Mutant 21879 | -6/Factory | Fabricated Cmb. Airjet? 21941 | -6/Factory | Fabricated Hacking Suite? 22167 | -6/Factory | Identified exit to Lower Caves 22221 | -6/Factory | Garrison activated, responded to threat 22277 | -6/Factory | Build established: Machinist-Scout 22361 | -6/Factory | Found Botcube 22374 | -6/Factory | Cargo convoy interrupted 22488 | -6/Factory | Lost 3 allies 22534 | -6/Factory | Found PL-3XN's Ring of Power 22829 | -6/Factory | Build established: Scout 22864 | -6/Factory | Scrapoid reinforcements arrived 22945 | -6/Factory | Lost 5 allies 23225 | -6/Factory | Repaired Cld. Nuclear Pulse Thruster 23354 | -6/Factory | Fabricated Cld. Impulse Thruster? 23491 | -6/Factory | Fabricated Cld. Impulse Thruster? 23541 | -6/Factory | Scrapoids reinforcements arrived? 23619 | -6/Factory | Central database locked down 23797 | -6/Factory | Entered Lower Caves 23797 | -6/Lower Caves | Accompanied by 2 allies 23798 | -6/Lower Caves | Identified exit to Lower Caves 24012 | -6/Lower Caves | Attacked by a delusional Derelict stockpiling Unaware 24554 | -6/Lower Caves | Build established: Sprinter 24925 | -6/Lower Caves | Learned Factory terminal intel 24941 | -6/Lower Caves | Entered another Lower Caves area 24942 | -6/Lower Caves | Identified exit to Data Miner 24942 | -6/Lower Caves | Discovered new exit (range 15) 25027 | -6/Lower Caves | Build established: Trapper-Sprinter 25080 | -6/Lower Caves | Learned Factory terminal intel 25155 | -6/Lower Caves | Entered Data Miner 25155 | -6/Data Miner | Discovered new exit (range 7) 25157 | -6/Data Miner | Identified exit to Proximity Caves 25160 | -6/Data Miner | Met Data Miner 25165 | -6/Data Miner | Learned location of Section 7 (-2) 25165 | -6/Data Miner | Acquired the access code to Warlord's prototype stash 25168 | -6/Data Miner | Received God Mode back door access code from Data Miner 25182 | -6/Data Miner | Destroyed Data Miner 25185 | -6/Data Miner | Found Prototype Hackware 25187 | -6/Data Miner | Found Prototype Hackware 25188 | -6/Data Miner | Data Conduit disabled 25270 | -6/Data Miner | Entered Proximity Caves 25549 | -5/Proximity Caves | Discovered new exit (range 10) 25551 | -5/Proximity Caves | Identified exit to Factory 25607 | -5/Proximity Caves | Attracted the attention of an 0b10 checkpoint 25623 | -5/Proximity Caves | Learned Factory garrison access intel 25723 | -5/Proximity Caves | Entered Factory 25723 | -5/Factory | Evolved 2 slots: Utility x2 25724 | -5/Factory | Loaded intel: 25 terminal locations 25725 | -5/Factory | Loaded intel: 4 garrison access locations 25746 | -5/Factory | Identified Deep Network Scanner 25747 | -5/Factory | Identified Quantum Router 25828 | -5/Factory | Lost 3 parts (1p1n1w) 25890 | -5/Factory | Fabricated Adv. Hacking Suite? 26006 | -5/Factory | Build established: Hacker-Sprinter 26213 | -5/Factory | Identified exit to Upper Caves 26292 | -5/Factory | Sucked down chute 26292 | -5/Factory | Entered Waste 26296 | -5/Waste | Spotted C-40 Crusher 26297 | -5/Waste | Spotted C-40 Crusher 26302 | -5/Waste | Spotted C-40 Crusher 26310 | -5/Waste | Spotted C-40 Crusher 26313 | -5/Waste | Warlord forces began an assault 26346 | -5/Waste | Spotted C-40 Crusher 26354 | -5/Waste | Discovered new exit (range 12) 26357 | -5/Waste | Found Broken Fusion Bomb Launcher 26363 | -5/Waste | Spotted C-40 Crusher 26375 | -5/Waste | Allies destroyed C-40 Crusher 26403 | -5/Waste | Identified exit to Factory 26422 | -5/Waste | Entered Factory 26422 | -5/Factory | Accompanied by 1 ally 26423 | -5/Factory | Loaded intel: 26 terminal locations 26431 | -5/Factory | Lost 10 allies 26437 | -5/Factory | Identified exit to Factory 26560 | -5/Factory | Fabricated Imp. Diametric Drive (x1) 26712 | -5/Factory | Scrapoids reinforcements arrived? 26845 | -5/Factory | Repaired Imp. Utility Shielding 26960 | -5/Factory | Repaired Quantum Reactor 27109 | -5/Factory | Build established: Hacker-Scout 27111 | -5/Factory | Fabricated Imp. Diametric Drive (x1) 27134 | -5/Factory | Scrapoids reinforcements arrived? 27234 | -5/Factory | Repaired Imp. Diametric Drive 27298 | -5/Factory | Lost 3 allies 27422 | -5/Factory | Repaired Cld. Impulse Thruster 27593 | -5/Factory | System corruption reached 10% 27748 | -5/Factory | Scrapoids reinforcements arrived? 28172 | -5/Factory | Scrapoids reinforcements arrived? 28222 | -5/Factory | First assault squad dispatched 28277 | -5/Factory | Fabricated B-60 Warrior (x3) 28296 | -5/Factory | Entered Upper Caves 28296 | -5/Upper Caves | Accompanied by 5 allies 28304 | -5/Upper Caves | Learned location of 1 exit from Factory 28863 | -5/Upper Caves | Discovered new exit (range 8) 28864 | -5/Upper Caves | Identified exit to Upper Caves 28914 | -5/Upper Caves | Entered another Upper Caves area 28914 | -5/Upper Caves | Accompanied by 3 allies 28955 | -5/Upper Caves | Lost 3 allies 28973 | -5/Upper Caves | Learned location of 1 exit from Factory 28985 | -5/Upper Caves | Build established: Hacker-Sprinter 28985 | -5/Upper Caves | Learned Factory stockpile data 29026 | -5/Upper Caves | Encountered a Warlord checkpoint 29054 | -5/Upper Caves | Discovered new exit (range 8) 29056 | -5/Upper Caves | Identified exit to Warlord 29077 | -5/Upper Caves | Entered Warlord 29094 | -5/Warlord | System corruption cleaned by Quarantine Array 29098 | -5/Warlord | Discovered new exit (range 14) 29105 | -5/Warlord | Identified exit to Proximity Caves 29339 | -5/Warlord | Warlord's base attacked by MAIN.C 29351 | -5/Warlord | Rebuked by Warlord 29353 | -5/Warlord | Opened Warlord's prototype stash 29354 | -5/Warlord | Found Prototype Device 29354 | -5/Warlord | Identified Exp. Focal Shield 29357 | -5/Warlord | Found Prototype Processor 29357 | -5/Warlord | Identified Exp. Core Analyzer 29363 | -5/Warlord | Found Prototype Reactor 29363 | -5/Warlord | Identified Vortex Chain Reactor 29397 | -5/Warlord | Found Prototype Energy Cannon 29397 | -5/Warlord | Identified Vortex Cannon 29399 | -5/Warlord | Found Prototype Energy Gun 29399 | -5/Warlord | Identified Vortex Rail 29472 | -5/Warlord | P-70 Sage assimilated allied Sentinel 6b 29545 | -5/Warlord | Warlord forces counterattacked 29581 | -5/Warlord | P-80 Master assimilated allied BZ-M8D(l) 29621 | -5/Warlord | Lost 4 allies 29650 | -5/Warlord | Spotted Executioner 29650 | -5/Warlord | Spotted Executioner 29685 | -5/Warlord | Lost 5 allies 29822 | -5/Warlord | Lost 4 allies 29908 | -5/Warlord | Spotted Striker 29916 | -5/Warlord | Found Prototype Ballistic Cannon 29916 | -5/Warlord | Identified Hvy. Autocannon 29994 | -5/Warlord | Lost 9 allies 29997 | -5/Warlord | Opened side exit 30014 | -5/Warlord | Warlord base infiltrated, sounded retreat 30148 | -5/Warlord | Build established: Trapper-Sprinter 30300 | -5/Warlord | Spotted Executioner 30302 | -5/Warlord | Entered Proximity Caves 30558 | -4/Proximity Caves | Learned location of 2 exits from Research 30641 | -4/Proximity Caves | Discovered exit to Factory (range 12) 30650 | -4/Proximity Caves | Entered Factory 30650 | -4/Factory | Evolved 2 slots: Utility x2 30651 | -4/Factory | Identified exit to Armory 30652 | -4/Factory | Identified exit to Extension 30652 | -4/Factory | Identified exit to Research 30732 | -4/Factory | Repaired Quantum Reactor 30752 | -4/Factory | Identified exit to Upper Caves 30836 | -4/Factory | Repaired Imp. Diametric Drive 30844 | -4/Factory | Repaired Imp. Diametric Drive? 30907 | -4/Factory | Scrapoids reinforcements arrived? 30952 | -4/Factory | Sucked down chute 30952 | -4/Factory | Entered Waste 30955 | -4/Waste | Found Prototype Launcher 30955 | -4/Waste | Identified Enh. Gamma Bomb Array 30961 | -4/Waste | Lost 3 allies 30973 | -4/Waste | Spotted C-40 Crusher 30973 | -4/Waste | Spotted C-40 Crusher 30985 | -4/Waste | Spotted C-40 Crusher 30989 | -4/Waste | Found Heavy Servo Lattice 30993 | -4/Waste | Spotted C-40 Crusher 30997 | -4/Waste | Spotted C-40 Crusher 30998 | -4/Waste | Found Adv. Powered Armor 30999 | -4/Waste | Spotted C-40 Crusher 31005 | -4/Waste | Warlord forces began an assault 31063 | -4/Waste | Discovered new exit (range 15) 31070 | -4/Waste | Allies destroyed C-40 Crusher 31080 | -4/Waste | Crushed by Compactor (2 parts destroyed, 1 dropped) 31109 | -4/Waste | Identified exit to Factory 31111 | -4/Waste | Lost 3 parts (2p1w) 31138 | -4/Waste | Entered Factory 31138 | -4/Factory | Accompanied by 1 ally 31167 | -4/Factory | Lost 5 allies 31229 | -4/Factory | Scrapoids reinforcements arrived? 31251 | -4/Factory | Discovered exit to Upper Caves (range 12) 31279 | -4/Factory | Lost 6 allies 31397 | -4/Factory | Scrapoids reinforcements arrived? 31434 | -4/Factory | Lost 3 allies 31479 | -4/Factory | Entered Armory 31480 | -4/Armory | Met VL-GR5, who suggested a friendly competition 31488 | -4/Armory | Spotted B-86 Titan 31509 | -4/Armory | Lost 4 parts (1p1n2u) 31523 | -4/Armory | Found Gamma Bomb Array 31620 | -4/Armory | Found Adv. Force Booster 31710 | -4/Armory | Repaired Cld. Impulse Thruster 31770 | -4/Armory | Lost the competition with VL-GR5 31781 | -4/Armory | Scrapoids reinforcements arrived? 31834 | -4/Armory | Spotted Armor Guard 31834 | -4/Armory | Spotted Armor Guard 31852 | -4/Armory | Attacked by VL-GR5 31889 | -4/Armory | Fabricated G-50 Soldier? 31904 | -4/Armory | Lost 5 allies 31935 | -4/Armory | Found Prototype Device 31936 | -4/Armory | Identified Exp. Weapon Cycler 32099 | -4/Armory | Build established: Hacker-Sprinter 32211 | -4/Armory | Found Zero-point Reactor 32220 | -4/Armory | Found Hvy. Regenerative Plating 32223 | -4/Armory | Found Exp. Shield Generator 32236 | -4/Armory | Found Prototype Energy Cannon 32236 | -4/Armory | Identified Multinova Projection Cannon 32251 | -4/Armory | Found Zero-point Reactor 32257 | -4/Armory | Found Quantum Capacitor 32273 | -4/Armory | Found Exp. Targeting Computer 32282 | -4/Armory | Found Adv. Particle Accelerator 32356 | -4/Armory | Spotted Armor Guard 32364 | -4/Armory | Destroyed Armor Guard 32365 | -4/Armory | Spotted Armor Guard 32379 | -4/Armory | Destroyed Armor Guard 32400 | -4/Armory | Breached Obliterator storage 32407 | -4/Armory | Found Disassembled Obliterator 32417 | -4/Armory | Found PL-3XN's Ring of Power 32484 | -4/Armory | Destroyed 8 combat bots 32502 | -4/Armory | Build established: Scavenger-Mutant 32549 | -4/Armory | Discovered exit to Research (range 3) 32766 | -4/Armory | Discovered new exit (range 3) 32850 | -4/Armory | Fabricated Huge Storage Unit (x1) 33105 | -4/Armory | Found VL-GR5's Timing Chip 33107 | -4/Armory | Found Exp. Targeting Computer 33263 | -4/Armory | Fabricated O-32 Director? 33289 | -4/Armory | Fabricated Vortex Chain Reactor? 33557 | -4/Armory | Entered Lab 33557 | -4/Lab | Discovered exit to Research (range 9) 33575 | -4/Lab | Unable to decrypt terminal 33581 | -4/Lab | Entered Research 33581 | -3/Research | Evolved 2 slots: Utility x2 33582 | -3/Research | Identified exit to Testing 33582 | -3/Research | Identified exit to Research 34145 | -3/Research | Found Prototype Device 34145 | -3/Research | Identified Exp. EM Disruption Field 34151 | -3/Research | Found Exp. EM Disruption Field 34438 | -3/Research | Entered Testing 34565 | -3/Testing | Found Prototype Energy Gun 34565 | -3/Testing | Identified Warp Gun 34632 | -3/Testing | Found Prototype Device 34632 | -3/Testing | Identified 2N-1CE's Frost Array 34851 | -3/Testing | Found Prototype Energy Gun 34851 | -3/Testing | Identified Tachyon Dispersion Ray 34938 | -3/Testing | First assault squad dispatched 35105 | -3/Testing | Spotted Striker 35105 | -3/Testing | Spotted Striker 35144 | -3/Testing | Repaired Coolant Network 35393 | -3/Testing | Found Prototype Ballistic Cannon 35393 | -3/Testing | Identified Omega Cannon 35612 | -3/Testing | Found Prototype Energy Cannon 35614 | -3/Testing | Identified Potential Cannon 35624 | -3/Testing | Found Potential Cannon 35757 | -3/Testing | Fabricated Adv. Heavy Siege Treads? 35802 | -3/Testing | Destroyed 7 combat bots 36134 | -3/Testing | Spotted PD-UXYJRZGERU 36167 | -3/Testing | Discovered exit to Research (range 13) 36258 | -3/Testing | Found Prototype Device 36258 | -3/Testing | Identified Exp. Hardlight Generator 36703 | -3/Testing | Rewired PD-UXYJRZGERU 36724 | -3/Testing | Entered Research 36724 | -2/Research | Accompanied by 1 ally 36724 | -2/Research | Evolved 2 slots: Power x1, Utility x1 37030 | -2/Research | Fabricated Quantum Reactor (x2) 37098 | -2/Research | Discovered new exit (range 10) 37104 | -2/Research | Lost 4 parts (2n1u1w) 37139 | -2/Research | Destroyed 15 combat bots 37224 | -2/Research | First assault squad dispatched 37690 | -2/Research | Destroyed 9 combat bots 37794 | -2/Research | High security lockdown imminent 37874 | -2/Research | High security lockdown engaged 38008 | -2/Research | Destroyed 13 combat bots 38068 | -2/Research | Scanned by Researcher 38074 | -2/Research | Spotted Investigator 38085 | -2/Research | Destroyed Investigator 38086 | -2/Research | System corruption reached 10% 38132 | -2/Research | Destroyed 22 combat bots 38292 | -2/Research | System corruption reached 30% 38377 | -2/Research | Lost 13 parts (2p5n5u1w) 38380 | -2/Research | Sterilization system engaged 38380 | -2/Research | Non-combat units ordered to evacuate 38394 | -2/Research | Destroyed 29 combat bots 38451 | -2/Research | Spotted Striker 38459 | -2/Research | Core integrity fell below 50% 38459 | -2/Research | Spotted Striker 38460 | -2/Research | Spotted Striker 38470 | -2/Research | Core integrity fell below 20% 38472 | -2/Research | Destroyed by P-80 Master with Gamma Rifle Last Messages --------------- 38457_ Dropped Huge Storage Unit. 38458_ Dropped Potential Cannon. 38459_ M-36 Artificer fits Backup Power VII on P-80 Master. 38459_ Dropped Voltaic Drivehammer. 38459_ Adv. Target Analyzer destroyed. 38460_ Critical hit (Burn: +37). 38461_ P-80 Master resets L-61 Swordsman, system corruption cleaned. 38461_ Acquired Botcube. 38464_ Acquired Tech Extrapolator. 38465_ Acquired 12 matter. 38465_ Acquired 7 matter. 38467_ System corrupted: Energy discharge (-35). 38467_ Exp. Weapon Cycler destroyed. 38468_ Centrium Leg destroyed. 38468_ M-36 Artificer repairs G-73 Enforcer. 38470_ G-73 Enforcer suffers critical hit (Burn). 38470_ G-73 Enforcer destroyed. Map ----- +----------------------------------------------------+ | ????????# ## ##????????????????????? | | ????????## ## ###########???????????? | | ?????????# ## ## #???????????? | | ?????????##############[ ## ????????????? | | ?????????????????????# [= # """ #???????????? | | ?????????????????????# = # """ #???????????? | | ?????????????????????#! < + """ #???????????? | | ?????????????????????# # """ #???????????? | | ?????????????????????## ## """ [#???????????? | | ??????????????????????# ## #???????????? | | ??????????????????????#|=## #???????????? | | ??????????????????????# [###########???????????? | | ??????????????????????#%!#?????????????????????? | | ?????????????????######+######?????????????????? | | ?????????????????# !!* #?????????????????? | | ?????????????????# #?????????????????? | | ?????????????????# #?????????????????? | | ?????????????????# #?????????????????? | | ?????????????????# #?????????????????? | | ?????????????????# = #?????????????????? | | ?????????????????# #?????????????????? | | ????????????????####;;;;;#####?????????????????? | | ????????????????# [ #?????????????????? | | ????????????????# %!* #?????????????????? | | ????????????????# !!=! #?????????????????? | | ????????????????# /%=@ #?????????????????? | | ????????????????# [%=!% #?????????????????? | | ?????????######## K #?????????????????? | | ?????????# ## [ #?????????????????? | | ?????????# #; =%[ #?????????????????? | | ?????????# ## gg #?????????????????? | | ?????????# ## l g #?????????????????? | | ?????????# ##l p g] #?????????????????? | | ?????????# !#[Kp*b #?????????????????? | | ?????????# #%*!=;;;+#########??????????????? | | ?????????# ]!;!%%[![! + #??????????????? | | ?????????# !**//%*=%== # #??????????? ??? | | ?????????# !![!!===[[= # #?????????? ?? | | ?????????# *#%[=!;%* + ##########? | | ?????????# |!!!*] ;=! # [ # ? #? | | ?????????#####"*/ * # # ? #? | | ???????????# *[*% # # """ #? | | ???????????# [ # # """ # | | ???????????# ! ! % # # """ # | | ???????????# !! % ######## """ # / | | ???????????# !! % |!! ####### """ # | | ???????????# /!== ## # # | | ???????????# %%%* ## # ! # ?? | | ???????????# /%%""# ###+############ | | ???????????# %=%% == | +----------------------------------------------------+ Best States ------------- Heat Dissipation 239 Coolant Potential 80 Energy Generation 75 Energy Capacity 1550 Matter Stores 300 Matter Capacity 300 Sight Range 22 Robot Scan Range 20 Terrain Scan Range 24 Terrain Scan Density 210 Jamming Range 16 Cloak Strength 4 Additional Mass Support 12 Base Temperature (-) 400 Corruption Containment 12 Armor Coverage 1200 Resistance: EX 25 Resistance: EM 75 Core Shielding 20 Utility Shielding 66 Weapon Cycling 30 Phase Shifting 15 Evasion (%) 67 Targeting Accuracy 24 Melee Accuracy 5 Target Analysis 8 Armor Integrity Analysis 30 Recoil Reduction 6 Particle Charging 50 Offensive Hacking 49 Defensive Hacking 25 Authchip Count 3 Trap Extractor Capacity 8 Item Schematics ----------------- Hcp. Storage Unit | -9/Materials | Hacked Cmb. Airjet | -9/Materials | Scanalyzed Imp. Utility Shielding | -9/Materials | Scanalyzed Hvy. Armor Plating | -9/Materials | Scanalyzed Imp. Trap Extractor | -8/Materials | Scanalyzed Transport Network Coupler | -8/Materials | Scanalyzed Assault Cannon | -8/Materials | Scanalyzed Hacking Suite | -8/Materials | Scanalyzed Plasma Cutter | -8/Materials | Scanalyzed Hvy. Ion Engine | -8/Materials | Scanalyzed Chainsword | -8/Materials | Scanalyzed Arm. Wheel | -8/Materials | Scanalyzed Graphene Brace | -8/Materials | Scanalyzed Arm. Treads | -8/Materials | Scanalyzed CPS Tube | -6/Factory | Scanalyzed Cld. Impulse Thruster | -6/Factory | Scanalyzed Adv. Sensor Array | -6/Factory | Hacked Hvy. Pick | -6/Factory | Hacked Adv. Hacking Suite | -6/Factory | Hacked Combat Drone Bay | -6/Data Miner | Free Lgt. Regenerative Plating | -6/Data Miner | Free Cld. Nuclear Pulse Thruster | -6/Data Miner | Free Prc. Matter Filter | -6/Data Miner | Free Ionic Axe | -6/Data Miner | Free Imp. Antigrav System | -6/Data Miner | Free Imp. Phase Shifter | -6/Data Miner | Free Adv. Concussive RPG | -6/Data Miner | Free Gravity Neutralizer | -5/Factory | Scanalyzed Imp. Diametric Drive | -5/Factory | Scanalyzed Adv. Variable Charge Gun | -5/Factory | Scanalyzed Smartbomb Launcher | -5/Factory | Scanalyzed Adv. Transmission Jammer | -5/Factory | Scanalyzed Lrn. Terrain Scanner | -5/Factory | Scanalyzed Mak. Sword | -4/Factory | Scanalyzed Vortex Chain Reactor | -4/Factory | Scanalyzed Adv. Powered Armor | -4/Factory | Scanalyzed Adv. Actuator Array | -4/Armory | Hacked Adv. Force Field | -4/Armory | Hacked Huge Storage Unit | -4/Armory | Hacked Cargo Storage Unit | -4/Armory | Hacked Adv. Heavy Treads | -3/Research | Hacked Adv. Heavy Siege Treads | -3/Research | Hacked Helical Railgun | -3/Testing | Scanalyzed Exp. Field Recycling Unit | -3/Testing | Archive Impact Mace | -3/Testing | Archive Prc. Phase Gun | -3/Testing | Archive Com. Particle Reactor | -3/Testing | Archive Exp. System Guard | -3/Testing | Hacked Robot Schematics ------------------ B-60 Warrior | -6/Data Miner | Free S-27 Virus | -6/Data Miner | Free G-50 Soldier | -6/Data Miner | Free B-48 Gladiator | -6/Data Miner | Free M-30 Cleanser | -6/Data Miner | Free H-77 Assassin | -6/Data Miner | Free A-27 Freighter | -6/Data Miner | Free Fabricated ------------ Cmb. Airjet | x2 | -6/Factory | Authchip Cmb. Airjet | x2 | -6/Factory | Authchip Hacking Suite | x1 | -6/Factory | Authchip Cld. Impulse Thruster | x1 | -6/Factory | Authchip Cld. Impulse Thruster | x1 | -6/Factory | Authchip Adv. Hacking Suite | x1 | -5/Factory | Authchip Imp. Diametric Drive | x1 | -5/Factory | Authchip Imp. Diametric Drive | x1 | -5/Factory B-60 Warrior | x3 | -5/Factory | Preloaded G-50 Soldier | x3 | -4/Armory | Preloaded Huge Storage Unit | x1 | -4/Armory O-32 Director | x1 | -4/Armory | Preloaded Vortex Chain Reactor | x1 | -4/Armory Adv. Heavy Siege Treads | x1 | -3/Testing Quantum Reactor | x2 | -2/Research | Preloaded Alien Tech Used ----------------- None Achievements -------------- None Challenges ------------ None Game ------ Seed CoreTractorProtomatter Manual? 0 Play Time 11:04:10 Cumulative 520.5 hours Start 2024.09.09 @ 08:54:09 End 2024.09.12 @ 09:48:19 Sessions 11 Manual Loads 0 Difficulty Rogue Special Mode None Game No. 199 Rogue 195 Adventurer 4 Explorer 0 Win Type - Total 7 Types 4/1/0/1/0/1/0/0/0 Lore% 86 Gallery% 91 Achievement% 87 Wizard Run 0 Options --------- Layout 1 ASCII 0 Keyboard 0 Movement Numpad Keybinds 0 Fullscreen 2 Font 24/Terminus Map View 50x35 Zoom Use 0% Tactical HUD 1 Map Filters NONE Filters NONE Steam 1 RUN: 82ba6a42-b2c8-43e1-a9c3-216c07d22081